 Dungeon Crawl Stone Soup version 0.20.0-14-g326068f (webtiles) character file.

19574732 ThreeInvisibleDucks the Archmage (level 27, 287/287 HPs)
             Began as an Octopode Necromancer on June 7, 2017.
             Was the Champion of Makhleb.
             Escaped with the Orb
             ... and 15 runes on June 9, 2017!
             The game lasted 15:05:48 (79314 turns).

ThreeInvisibleDucks the Archmage (OpNe)            Turns: 79314, Time: 15:05:49

Health: 287/287    AC: 38    Str: 14    XL:     27
Magic:  81/81      EV: 39    Int: 44    God:    Makhleb [******]
Gold:   5737       SH:  9    Dex: 24    Spells: 1/80 levels left

rFire    + + .     SeeInvis +     - Unarmed
rCold    + + +     Gourm    .   D - +3 buckler {rF+}
rNeg     + + +     Faith    .   E - +0 hat of Salvation {+Blink MR+ Slay+2 Stlth+}
rPois    ∞         Spirit   .   X - macabre finger necklace {rN+}
rElec    +         Reflect  .   c - ring "Ykuam" {rC+++ AC+2}
rCorr    +         Harm     .   V - ring "Micoopt" {EV+5 Dex+8}
MR       +++++                  S - ring "Joofoy" {rF- MR+ Int+6}
Stlth    +++.......             Z - ring "Kokhiuta" {rF++ rN+ Int+4 Slay+4}
Regen    0.0/turn               A - ring "Goytzut" {MP+9 Int+2}
MPRegen  0.5/turn               m - ring of Ruguitac {+Fly AC+3 Dex-2 Slay+6 SInv}
                                K - ring "Xiazix" {rCorr Int+5}
                                J - ring of Untesein {MP+9 Str+4}
                                T - ring of Veizopp {rF- MR+ MP+9 Str+4 Int+5}

@: statue-form, deflect missiles, very slow
A: almost no armour, stealthy swim, amphibious, 8 rings, constrict 8, rugged
brown scales 2, camouflage 1, deterioration 1, fire resistance 1, inhibited
regeneration, weak 2
0: Orb of Zot
}: 15/15 runes: decaying, slimy, silver, golden, iron, obsidian, icy, bone,
abyssal, demonic, glowing, magical, fiery, dark, gossamer
a: End Transformation, Minor Destruction, Lesser Servant of Makhleb, Major
Destruction, Greater Servant of Makhleb, Renounce Religion, Evoke Blink, Evoke
Flight


You escaped.
You worshipped Makhleb.
Makhleb was exalted by your worship.
You were not hungry.
You were a stone statue.
You visited 18 branches of the dungeon, and saw 89 of its levels.
You visited Pandemonium 2 times, and saw 14 of its levels.
You visited the Abyss 2 times.
You visited 2 bazaars.
You completed 2 ziggurats, and saw 54 of their levels.
You also visited: Trove, Bailey, Ice Cave, Volcano and Wizlab.

You collected 17455 gold pieces.
You spent 11718 gold pieces at shops.

Inventory:

Hand Weapons
 b - the +9 staff of Wucad Mu {channel}
   (You found it on level 14 of a ziggurat)
Missiles
 Y - 69 javelins of penetration (quivered)
Armour
 D - a +3 buckler of fire resistance (worn)
 E - the +0 hat of Salvation (worn) {+Blink MR+ Slay+2 Stlth+}
   (Okawaru gifted it to you on level 3 of the Depths)

   It affects your accuracy and damage with ranged weapons and melee attacks
   (+2).
   It affects your resistance to hostile enchantments.
   It lets you blink.
   It makes you more stealthy.
Magical Staves
 e - an uncursed staff of energy
Jewellery
 c - the ring "Ykuam" (left tentacle) {rC+++ AC+2}
   (You found it in a treasure trove)

   [ring of protection]

   It affects your AC (+2).
   It renders you almost immune to cold.
 f - the amulet "Cioral" {Faith Dex+4}
   (You found it on level 3 of the Tomb of the Ancients)

   [amulet of faith]

   It allows you to gain divine favour quickly.
   It affects your dexterity (+4).
 m - the ring of Ruguitac (on tentacle) {+Fly AC+3 Dex-2 Slay+6 SInv}
   (You found it in a treasure trove)

   [ring of protection]

   It affects your AC (+3).
   It affects your dexterity (-2).
   It affects your accuracy and damage with ranged weapons and melee attacks
   (+6).
   It lets you see invisible.
   It lets you fly.
 p - the ring "Tururr" {+Inv Str+4 Dex+4}
   (You bought it in a shop on level 1 of the Elven Halls)

   [ring of dexterity]

   It affects your strength (+4).
   It affects your dexterity (+4).
   It lets you turn invisible.
 q - the ring "Mexyupoc" {rCorr rElec rN++ Stlth+}
   (You found it on level 3 of the Tomb of the Ancients)

   [ring of resist corrosion]

   It insulates you from electricity.
   It greatly protects you from negative energy.
   It makes you more stealthy.
 A - the ring "Goytzut" (on tentacle) {MP+9 Int+2}
   (You acquired it on level 26 of a ziggurat)

   [ring of magical power]

   It affects your intelligence (+2).
   It affects your magic capacity (+9).
 J - the ring of Untesein (on tentacle) {MP+9 Str+4}
   (You acquired it on level 3 of the Spider Nest)

   [ring of magical power]

   It affects your strength (+4).
   It affects your magic capacity (+9).
 K - the ring "Xiazix" (on tentacle) {rCorr Int+5}
   (You found it in a treasure trove)

   [ring of resist corrosion]

   It affects your intelligence (+5).
 S - the ring "Joofoy" (on tentacle) {rF- MR+ Int+6}
   (You found it in a treasure trove)

   [ring of protection from magic]

   It affects your intelligence (+6).
   It makes you vulnerable to fire.
   It affects your resistance to hostile enchantments.
 T - the ring of Veizopp (on amulet) {rF- MR+ MP+9 Str+4 Int+5}
   (You found it on level 26 of a ziggurat)

   [ring of protection from magic]

   It affects your strength (+4).
   It affects your intelligence (+5).
   It makes you vulnerable to fire.
   It affects your resistance to hostile enchantments.
   It affects your magic capacity (+9).
 V - the ring "Micoopt" (right tentacle) {EV+5 Dex+8}
   (You found it on level 24 of a ziggurat)

   [ring of evasion]

   It affects your evasion (+5).
   It affects your dexterity (+8).
 X - the macabre finger necklace (around mantle) {rN+}
   (You found it on level 24 of a ziggurat)

   [amulet of nothing]

   It protects you from negative energy.
 Z - the ring "Kokhiuta" (on tentacle) {rF++ rN+ Int+4 Slay+4}
   (You found it on level 26 of a ziggurat)

   [ring of slaying]

   It affects your intelligence (+4).
   It affects your accuracy and damage with ranged weapons and melee attacks
   (+4).
   It greatly protects you from fire.
   It protects you from negative energy.
Wands
 o - a wand of clouds (4/9)
 w - a wand of clouds (5/9)
 H - a wand of acid (15/15)
Scrolls
 a - 5 scrolls of holy word
 i - 4 scrolls of identify
 k - 9 scrolls of summoning
 r - 55 scrolls of remove curse
 t - 58 scrolls of teleportation
 v - 4 scrolls of torment
 z - 17 scrolls of fog
 B - 6 scrolls of fear
 F - 31 scrolls of blinking
 G - 3 scrolls of immolation
 Q - 19 scrolls of recharging
Potions
 h - 5 potions of magic
 j - 15 potions of heal wounds
 l - 38 potions of curing
 u - 3 potions of haste
 x - 8 potions of might
 y - 4 potions of cancellation
 L - 7 potions of brilliance
 M - 40 potions of mutation {!q}
 N - 11 potions of resistance
 O - 2 potions of ambrosia
 P - 9 potions of berserk rage
 U - 12 potions of agility
 W - a potion of invisibility
Miscellaneous
 d - 20 boxes of beasts
 n - 2 +2 figurines of a ziggurat
 s - 11 sacks of spiders
 C - a crystal ball of energy
 I - a fan of gales
Comestibles
 g - 28 bread rations


   Skills:
 - Level 23.0 Fighting
 - Level 2.7 Staves
 - Level 23.2 Dodging
 - Level 16.1 Stealth
 - Level 4.6 Shields
 O Level 27 Unarmed Combat
 O Level 27 Spellcasting
 O Level 27 Conjurations
 - Level 7.3 Hexes
 - Level 10.0 Charms
 - Level 2.3 Summonings
 + Level 22.5 Necromancy
 - Level 7.0 Translocations
 - Level 15.6 Transmutations
 O Level 27 Fire Magic
 + Level 21.7 Ice Magic
 O Level 27 Air Magic
 - Level 13.2 Earth Magic
 - Level 10.0 Invocations
 - Level 25.1 Evocations


You had one spell level left.
You knew the following spells:

 Your Spells              Type           Power        Failure   Level  Hunger
a - Apportation           Tloc           ######       0%          1    None
b - Blink                 Tloc           N/A          1%          2    None
l - Lesser Beckoning      Tloc           #######...   1%          3    None
m - Deflect Missiles      Chrm/Air       ########..   1%          6    None
r - Regeneration          Chrm/Necr      ########..   0%          3    None
s - Statue Form           Tmut/Erth      ########.    1%          6    None
B - Borgnjor's Revivific  Necr           ########..   1%          8    None
D - Darkness              Hex            #######...   1%          6    None
F - Fire Storm            Conj/Fire      ########..   1%          9    None
G - Ignition              Fire           ########..   1%          8    None
J - Glaciate              Conj/Ice       ########..   1%          9    None
L - Necromutation         Tmut/Necr      ########..   1%          8    None
P - Summon Butterflies    Summ           ######..     1%          1    None
T - Tornado               Air            ########..   1%          9    None


Dungeon Overview and Level Annotations

Branches:
Dungeon (15/15)            Temple (1/1) D:4            Lair (6/6) D:11
  Swamp (4/4) Lair:3       Spider (4/4) Lair:3        Slime (5/5) Lair:5
    Orc (2/2) D:12            Elf (3/3) Orc:2        Vaults (5/5) D:13
  Crypt (3/3) Vaults:3       Tomb (3/3) Crypt:3      Depths (5/5) D:15
   Hell (1/1)                 Dis (7/7) Hell            Geh (7/7) Hell
    Coc (7/7) Hell            Tar (7/7) Hell            Zot (5/5) Depths:5

Altars:
Ashenzari
Cheibriados
Dithmenos
Elyvilon
Fedhas
Gozag
Hepliaklqana
Kikubaaqudgha
Makhleb
Nemelex Xobeh
Okawaru
Qazlal
Ru
Sif Muna
Trog
Uskayaw
Vehumet
Xom
Yredelemnul
Zin
The Shining One
Beogh

Shops:
Orc:2 [(   Elf:1 =   Elf:3 (:*:   Vaults:4 :   Vaults:5 *   Depths:2 !
Depths:5 [

Portals:
Hell: Depths:1 Depths:2 Depths:3 Depths:4 Depths:5*
Abyss: Depths:2 Depths:4
Pandemonium: Depths:2 Depths:3

Annotations:
D:7 Duvessa; morbho's ghost, novice DsFi
Spider:1 exclusion: downstairs, Frances
Spider:2 exclusion: upstairs
Tar:7 2 exclusions


Innate Abilities, Weirdness & Mutations

You cannot wear most types of armour.
You are very stealthy in the water. (Stealth+)
You are amphibious.
You can wear up to eight rings at the same time.
You can use your tentacles to constrict eight enemies at once.
Your skin changes colour to match your surroundings (Stealth+).
((Your rubbery body absorbs attacks. (AC +1, EV +1)))
(You are mostly covered in rugged brown scales. (AC +2, +5% HP))
((You are partially covered in slimy green scales. (AC +2)))
Your body sometimes deteriorates upon taking damage.
Your flesh is heat resistant. (rF+)
You do not regenerate when monsters are visible.
You are very weak. (Str -4)


Message History

Makhleb accepts your kill.
You block the small abomination's attack.
The small abomination barely misses you.
You thrash the small abomination!!!!
You destroy the small abomination!
Makhleb accepts your kill.
There is an open door here.
A large abomination comes into view.
There is an open door here.
You thrash the large abomination!!!!
You destroy the large abomination!
Makhleb accepts your kill.
You thrash the ice devil!!!
You kill the ice devil!
Makhleb accepts your kill.
A white imp comes into view.
There is a staircase leading out of the dungeon here.
The white imp gestures at you. You block the puff of frost.
You have escaped!

#.# #.###..###. ### ##.#
######. #######
########..###.###..
#.##..###...##.....#..##...
##................#..##....
#.......#####......#....###
#....####...####.....####..
##.###.........###'###.....
##.#......8...5..'.'......⌠
#..###.........###'###.....
#....####...####.....####..
####....#####...###.....###
####........##...##.....
#....###############.
###### ##


You could see a white imp.

Vanquished Creatures
  Cerebov (Pan)
  Asmodeus (Geh:7)
  Antaeus (Coc:7)
  Ereshkigal (Tar:7)
  the Royal Jelly (Slime:5)
  the Serpent of Hell (Tar:7)
  Gloorx Vloq (Pan)
  Lom Lobon (Pan)
  Mnoleg (Pan)
  13 orbs of fire
  Dispater (Dis:7)
  Khufu (Tomb:3)
  Mennas (Pan)
  28 ancient liches
  37 greater mummies
  Margery (Crypt:2)
  Bai Suzhen (Depths:3)
  8 shard shrikes
  6 Killer Klowns
  24 pandemonium lords
  23 golden dragons
  Geryon (Hell)
  Nikola (Swamp:2)
  A profane servitor (Zig:12)
  5 doom hounds (Tar:7)
  25 Tzitzimimeh
  8 bone dragons
  A hellephant (Pan)
  21 Brimstone Fiends
  8 iron giants
  10 Hell Sentinels
  13 electric golems
  33 tentacled monstrosities
  21 Ice Fiends
  26 liches
  32 titans
  24 Orb Guardians
  A quicksilver dragon (shapeshifter) (Zig:8)
  24 quicksilver dragons
  40 acid blobs
  13 deep elf master archers
  16 ancient champions
  18 deep elf blademasters
  15 sphinxes
  21 Executioners
  An eldritch tentacle (Pan)
  22 tentacled starspawn
  3 death cobs
  The ghost of raetorn the Executioner, an adept HOMo of Beogh (Depths:1)
  17 shadow dragons
  2 warmongers
  19 storm dragons
  17 azure jellies
  The ghost of McKennaii the Peltast, an adept MiFi of Qazlal (Swamp:4)
  17 tengu reavers
  7 thorn hunters
  Kirke (D:15)
  129 nagarajas
  2 azure jellies (shapeshifter)
  2 daevas
  7 blood saints
  12 draconian monks
  12 revenants
  16 draconian knights
  21 fire giants
  35 ghost moths
  14 deep elf sorcerers
  11 iron dragons
  2 orc warlords
  23 vault wardens
  28 frost giants
  7 juggernaut zombies
  18 draconian scorchers
  The ghost of Jmtistic the Severer, a journeyman MiBe of Trog (Elf:1)
  An iron dragon (shapeshifter) (Depths:3)
  Louise (Elf:2)
  12 draconian shifters
  6 draconian stormcallers
  21 emperor scorpions
  10 cacodemons
  An emperor scorpion (shapeshifter) (Depths:3)
  9 deep elf elementalists
  2 caustic shrike zombies (Zig:16)
  6 black suns
  41 balrugs
  21 ironheart preservers
  Aizul (Swamp:3)
  4 curse skulls
  66 reapers
  34 war gargoyles
  17 draconian annihilators
  16 ghouls
  40 stone giants
  An angel (Abyss:4)
  An elemental wellspring (Coc:5)
  2 stone giants (shapeshifter)
  19 entropy weavers
  23 very ugly things
  An ophan (Zig:14)
  4 juggernaut skeletons
  4 caustic shrike skeletons (Zig:22)
  79 large abominations
  10 vampire knights
  9 corrupters
  7 green draconians
  21 deep elf demonologists
  6 bennus
  10 black draconians
  20 purple draconians
  7 red draconians
  10 white draconians
  8 lorocyprocas
  4 dire elephants (Lair:6)
  24 deep elf annihilators
  15 spark wasps
  9 yellow draconians
  9 statues (WizLab)
  18 blizzard demons
  24 ettins
  A spectral quicksilver dragon (Crypt:3)
  A minotaur (shapeshifter) (Depths:3)
  18 eidola
  8 deep elf death magi
  3 crystal guardians
  8 death oozes
  21 green deaths
  17 merfolk javelineers
  4 quicksilver dragon zombies
  21 fire dragons
  25 yaktaur captains
  7 merfolk impalers
  3 spectral krakens (Tar:7)
  2 spectral golden dragons (Zig:12)
  5 jiangshi (Crypt:3)
  15 deep elf high priests
  19 mummy priests
  A fire dragon (shapeshifter) (Zig:16)
  22 great orbs of eyes
  2 juggernaut simulacra (Depths:3)
  3 kraken zombies
  5 monstrous demonspawn (Pan)
  10 rakshasas
  25 ice dragons
  25 naga warriors
  29 vault guards
  5 quicksilver dragon skeletons
  40 hydras
  3 merfolk avatars (Zig:21)
  2 spectral shadow dragons (Crypt:3)
  Harold (D:11)
  3 hell beasts
  14 anacondas
  18 spriggan air magi
  8 death knights
  3 catoblepae (Lair:4)
  A spectral fire giant (Crypt:3)
  7 alligator snapping turtles
  3 ghost crabs
  3 anacondas (shapeshifter)
  17 alligators
  12 merfolk aquamancers
  A spectral stone giant (Crypt:3)
  An alligator snapping turtle (shapeshifter) (Zig:3)
  3 satyrs (Zig:21)
  8 centaur warriors
  42 two-headed ogres
  21 ogre magi
  A death yak (shapeshifter) (Zig:23)
  A two-headed ogre (shapeshifter) (Zig:9)
  A queen ant (Spider:4)
  A death yak (Lair:4)
  7 deep troll shamans
  17 death scarabs
  7 tengu warriors
  15 hell hogs
  5 titan zombies
  26 soul eaters
  5 orc high priests
  3 spectral storm dragons (Crypt:3)
  15 deep troll earth magi
  52 dancing weapons
  8 spriggan berserkers
  17 thrashing horrors
  27 naga sharpshooters
  Urug (Lair:5)
  13 vampire magi
  38 shock serpents
  A spectral dire elephant (Crypt:3)
  33 sun demons
  52 deep elf knights
  5 iron golems
  A titan skeleton (Tar:5)
  4 storm dragon zombies
  21 shadow wraiths
  3 fire crabs (Zig:15)
  36 hell knights
  96 skeletal warriors
  11 salamander mystics
  A spectral spark wasp (Zig:12)
  5 golden dragon zombies
  9 spatial maelstroms
  23 wretched stars
  An iron troll (shapeshifter) (Zig:23)
  10 sixfirhies
  9 death drakes
  11 iron trolls
  4 storm dragon skeletons
  5 infernal demonspawn (Pan)
  A ghost moth zombie (Coc:1)
  7 unseen horrors
  40 shadow demons
  2 deep trolls (shapeshifter)
  2 torturous demonspawn (Pan)
  37 deep trolls
  A kraken simulacrum (Hell)
  6 sea snakes
  6 glowing orange brains
  A swamp dragon (shapeshifter) (Zig:16)
  An unseen horror (shapeshifter) (Vaults:1)
  9 spriggan druids
  14 naga ritualists
  47 deep elf archers
  21 ironbrand convokers
  A quicksilver dragon simulacrum (Coc:5)
  30 swamp dragons
  9 anaconda zombies
  3 spectral iron dragons (Crypt:3)
  6 wizards
  2 glowing orange brains (shapeshifter)
  16 flayed ghosts
  2 tengu zombies (Zig:18)
  10 shadow dragon zombies
  5 gelid demonspawn (Pan)
  5 golden dragon skeletons
  A lindwurm (shapeshifter) (Zig:25)
  19 harpies
  2 anaconda skeletons
  10 shambling mangroves
  An obsidian statue (Zig:7)
  A spectral hydra (Crypt:3)
  20 phantasmal warriors
  13 necromancers
  6 fire giant zombies
  An orb spider (shapeshifter) (Zig:24)
  3 mana vipers (shapeshifter)
  4 lindwurms
  18 orc knights
  40 orb spiders
  11 mana vipers
  2 harpies (shapeshifter)
  A spectral ice dragon (Crypt:3)
  A sphinx zombie (Zig:22)
  2 wolf spider zombies
  13 shining eyes
  7 iron dragon zombies
  7 tengu skeletons
  42 ugly things
  2 frost giant zombies
  48 wolf spiders
  4 fauns (Zig:21)
  3 manticores (Zig:21)
  148 deep elf magi
  2 cyclopes (shapeshifter)
  2 shining eyes (shapeshifter)
  3 shadow dragon skeletons
  A wolf spider (shapeshifter) (Zig:4)
  2 sphinx skeletons
  11 oklob plants
  8 orc sorcerers
  5 fire giant skeletons
  4 cyclopes
  5 iron dragon skeletons
  3 spectral ettins (Crypt:3)
  2 stone giant zombies
  23 salamanders
  A manticore (shapeshifter) (Zig:8)
  11 water nymphs (Zig:21)
  7 apocalypse crabs
  3 centaur zombies
  A shock serpent zombie (Geh:7)
  14 moths of wrath
  24 rust devils
  7 worldbinders
  80 black mambas
  3 merfolk sirens
  6 torpor snails
  An eye of devastation (shapeshifter) (Zig:8)
  4 dire elephant zombies
  9 elephants (Lair:6)
  A guardian serpent (shapeshifter) (Zig:18)
  3 stone giant skeletons
  11 elf skeletons
  6 frost giant skeletons
  An ice statue (Hell)
  4 titan simulacra
  8 orange demons
  8 eyes of devastation
  26 vault sentinels
  2 molten gargoyles (Geh:7)
  31 naga magi
  4 kobold demonologists
  42 guardian serpents
  2 spriggan skeletons
  2 torpor snails (shapeshifter)
  3 storm dragon simulacra (Coc:7)
  25 spiny frogs
  10 spectral swamp worms (Tar:7)
  4 rime drakes
  2 dire elephant skeletons
  33 smoke demons
  10 elf zombies
  A black draconian zombie (Coc:7)
  37 ice devils
  55 hellions
  A sea snake zombie (Crypt:1)
  21 efreet
  39 demonic crawlers
  38 tormentors
  4 komodo dragons
  5 spriggan zombies
  67 yaktaurs
  A komodo dragon (shapeshifter) (Depths:2)
  A yaktaur (shapeshifter) (Zig:24)
  5 anaconda simulacra
  48 guardian mummies
  A redback zombie (Crypt:1)
  43 freezing wraiths
  15 ancient zymes
  A grey draconian skeleton (Crypt:3)
  9 trolls
  6 hellwings
  A queen bee (D:11)
  A troll (shapeshifter) (Zig:20)
  4 tengu conjurers
  5 silent spectres
  10 hydra zombies
  3 polar bears (Lair:6)
  A wind drake (shapeshifter) (Vaults:2)
  13 red devils
  25 merfolk
  A tengu simulacrum (Zig:5)
  A shadow dragon simulacrum (Crypt:3)
  48 jumping spiders
  3 merfolk (shapeshifter)
  2 harpy skeletons
  3 jumping spiders (shapeshifter)
  A hornet (shapeshifter) (Depths:4)
  The ghost of Naow the Cudgeler, an amateur DsBe of Trog (D:4)
  2 wind drakes (Zig:21)
  4 hydra skeletons
  17 dream sheep
  112 slime creatures
  4 fire dragon zombies
  42 hornets
  A raiju (shapeshifter) (Zig:18)
  2 meliai (shapeshifter)
  2 slime creatures (shapeshifter)
  20 bog bodies
  2 meliai zombies
  31 raiju
  An ice dragon zombie (Geh:4)
  12 blink frogs
  3 dream sheep (shapeshifter)
  An ettin zombie (Geh:7)
  2 stone giant simulacra
  3 alligator zombies
  6 tyrant leeches
  87 flying skulls
  2 blink frogs (shapeshifter)
  3 fire giant simulacra
  12 hippogriffs
  A satyr skeleton (Crypt:3)
  63 starcursed masses
  8 snapping turtles
  15 spriggans
  A spriggan (shapeshifter) (Zig:24)
  26 air elementals
  2 alligator skeletons
  3 ice dragon skeletons
  28 shadows
  2 tarantellas (shapeshifter)
  3 ettin skeletons
  92 redbacks
  A dire elephant simulacrum (Crypt:3)
  3 wyverns
  3 black mamba zombies
  27 wraiths
  A black mamba skeleton (Tar:6)
  42 tarantellas
  4 hogs (D:15)
  35 water elementals
  33 ynoxinuls
  5 fire dragon skeletons
  9 fire bats
  41 yaks
  A yak (shapeshifter) (Depths:2)
  13 golden eyes
  25 fire elementals
  13 ushabtiu
  24 neqoxecs
  26 chaos spawn
  7 basilisks
  14 vampire mosquitoes
  5 hungry ghosts
  15 nagas
  2 nagas (shapeshifter)
  A warg (shapeshifter) (Zig:23)
  11 insubstantial wisps
  9 spatial vortices
  6 wargs
  A monstrous demonspawn zombie (Crypt:1)
  3 acid dragons
  A spectral snapping turtle (Crypt:3)
  15 swamp worms
  6 soldier ants
  4 spiny frog zombies
  37 hell hounds
  2 soldier ants (shapeshifter)
  5 hydra simulacra
  17 water moccasins
  A faun skeleton (Crypt:2)
  6 porcupines
  3 floating eyes
  A black bear (shapeshifter) (Vaults:1)
  A floating eye (shapeshifter) (Zig:24)
  A dream sheep zombie (Crypt:2)
  54 orc warriors
  2 spiny frog skeletons
  5 snapping turtle zombies
  16 swamp drakes
  4 sky beasts
  12 eyes of draining
  11 ice beasts
  11 phantoms
  2 ettin simulacra (Coc:1)
  An eye of draining (shapeshifter) (Zig:23)
  18 necrophages
  11 boggarts
  3 swamp dragon zombies
  24 centaurs
  34 ogres
  6 snapping turtle skeletons
  A swamp dragon skeleton (Geh:4)
  3 manticore skeletons
  10 crocodiles
  2 yaktaur zombies
  4 big kobolds
  A rime drake skeleton (Crypt:3)
  18 bullfrogs
  10 earth elementals
  2 glowing shapeshifter simulacra
  A wyvern skeleton (D:9)
  26 small abominations
  2 spiny frog simulacra
  2 human skeletons
  4 scorpions
  A water moccasin skeleton (D:5)
  Dowan (D:7)
  An elf simulacrum (Vaults:2)
  40 killer bees
  32 wights
  4 howler monkeys
  A yak skeleton (Crypt:2)
  4 electric eels
  21 crimson imps
  4 quasits
  A bullfrog zombie (D:5)
  3 hounds
  24 orc priests
  6 jellies
  A jelly (shapeshifter) (Abyss:4)
  4 bullfrog skeletons
  6 centaur skeletons
  A human zombie (Geh:4)
  33 orc wizards
  A soldier ant zombie (Crypt:3)
  9 iguanas
  35 iron imps
  A lightning spire (Zig:5)
  36 worker ants
  A deep dwarf zombie (Crypt:1)
  2 ogre zombies
  A demigod skeleton (Crypt:1)
  2 worker ant zombies
  A howler monkey zombie (D:5)
  51 mummies
  17 adders
  2 gnolls (Bailey)
  19 shadow imps
  26 white imps
  7 ufetubi
  4 oozes
  3 adder skeletons
  5 worms
  15 ball lightnings (Pan)
  A barachi zombie (Crypt:3)
  A dart slug (D:1)
  5 leopard geckos
  122 orcs
  7 giant cockroaches
  13 goblins
  8 hobgoblins
  11 jackals
  24 kobolds
  10 quokkas
  A river rat zombie (Crypt:1)
  2 ball pythons
  2 bats
  10 frilled lizards
  A jackal skeleton (D:4)
  2 jackal zombies
  A leopard gecko skeleton (D:4)
  2 quokka skeletons
  A quokka zombie (D:5)
  4 rats
  A spectral kobold (Crypt:3)
  6 blocks of ice
  16 briar patches
  A crawling corpse (Elf:3)
  4 fire vortices
  A fungus (Lair:6)
  2 lurking horrors
  14 plants
  22 starspawn tentacles
  13 tentacles
6594 creatures vanquished.

Vanquished Creatures (collateral kills)
  A tentacled monstrosity (Vaults:5)
  3 titans (Vaults:5)
  A lich (Vaults:5)
  A thorn hunter (Swamp:3)
  An ancient champion (Dis:7)
  An iron dragon (Vaults:5)
  A frost giant (Depths:3)
  A cacodemon (Pan)
  An emperor scorpion (Spider:4)
  A vault warden (Vaults:2)
  An ironheart preserver (Vaults:5)
  2 war gargoyles (Dis:7)
  A reaper (Dis:7)
  A very ugly thing (Depths:4)
  2 stone giants
  A spark wasp (Depths:5)
  An ettin (Depths:3)
  A blizzard demon (Coc:7)
  2 jiangshi (Crypt:3)
  3 yaktaur captains (Vaults:5)
  A vault guard (Vaults:5)
  A ghost crab (Swamp:4)
  3 hydras
  2 ice dragons
  2 death knights
  An alligator (Swamp:3)
  6 two-headed ogres
  A dancing weapon (Depths:3)
  A titan zombie (Dis:5)
  A deep elf knight (Vaults:5)
  A swamp dragon (Swamp:4)
  2 orc knights
  An ironbrand convoker (Vaults:5)
  A phantasmal warrior (Crypt:2)
  A necromancer (Vaults:5)
  2 deep elf magi
  A manticore (Lair:5)
  A wolf spider (Spider:4)
  A tengu skeleton (Vaults:3)
  A salamander (Volcano)
  7 ugly things
  3 orb spiders (Spider:4)
  A titan simulacrum (Coc:7)
  A vault sentinel (Vaults:4)
  2 rime drakes (Lair:5)
  2 freezing wraiths
  5 yaktaurs
  A red devil (Dis:2)
  A jumping spider (Spider:4)
  A tyrant leech (Swamp:3)
  A harpy zombie (Dis:7)
  5 slime creatures
  2 hornets
  A blink frog (Lair:4)
  3 dream sheep
  A hippogriff (Lair:5)
  A flying skull (Coc:7)
  A shadow (Swamp:3)
  2 redbacks (Spider:4)
  A spriggan (Depths:5)
  A water elemental (Depths:5)
  An elf simulacrum (Vaults:5)
  A tarantella (Spider:4)
  A wyvern (Lair:5)
  A hungry ghost (Tar:7)
  3 yaks
  A chaos spawn (Pan)
  A fire elemental (Hell)
  2 basilisks (Lair:5)
  A wind drake skeleton (Crypt:2)
  4 vampire mosquitoes
  A spiny frog zombie (Dis:7)
  A water moccasin (Lair:3)
  2 hell hounds
  2 swamp drakes (Swamp:3)
  2 ogres
  A sky beast (D:11)
  2 centaurs (Depths:2)
  A human skeleton (Vaults:5)
  A crocodile (Lair:1)
  A scorpion (D:7)
  A troll zombie (Dis:7)
  2 killer bees (D:11)
  An electric eel (Spider:4)
  A howler monkey (D:7)
  A crimson imp (D:8)
  3 orc wizards
  A mummy (Tomb:3)
  An adder (D:2)
  2 white imps (Coc:7)
  An ooze (D:3)
  12 orcs
  2 giant cockroaches (Vaults:4)
  A block of ice (Pan)
  2 plants
  A tentacle (Coc:7)
163 creatures vanquished.

Vanquished Creatures (others)
  A Killer Klown (Zig:23)
  A tentacled monstrosity (Zig:26)
  An Executioner (Zig:23)
  2 eldritch tentacles
  A fire giant (Zig:23)
  2 draconian monks (Zig:24)
  A draconian shifter (Zig:24)
  A draconian annihilator (Zig:24)
  A reaper (Dis:7)
  A blood saint (Zig:19)
  A deep elf annihilator (Pan)
  A quicksilver dragon zombie (Geh:7)
  A fire dragon (Zig:15)
  A yaktaur captain (Vaults:3)
  A rakshasa (Pan)
  29 death scarabs (Tomb:2)
  2 deep elf knights
  An iron troll (shapeshifter) (Zig:23)
  2 spatial maelstroms (Zig:25)
  A glowing orange brain (Pan)
  A deep elf archer (Vaults:4)
  A wolf spider (Spider:2)
  A deep elf mage (WizLab)
  3 yaktaurs
  A jumping spider (Spider:2)
  A slime creature (Depths:1)
  A raiju (shapeshifter) (Depths:3)
  A flying skull (Coc:5)
  An air elemental (Zig:17)
  2 ynoxinuls (Pan)
  A human (D:15)
  A chaos spawn (Pan)
  2 hell hounds (Dis:7)
  A centaur (shapeshifter) (Zig:23)
  2 small abominations
  2 orc wizards (Orc:2)
  A worker ant (Spider:4)
  3 mummies (Tomb:2)
  A shadow imp (Zot:2)
  5 ball lightnings (Pan)
  32 blocks of ice
  A crawling corpse (Elf:3)
  131 fire vortices
  16 fungi
  A lurking horror (Abyss:3)
  11 plants
  44 starspawn tentacles
  18 tentacles
338 creatures vanquished.

Grand Total: 7095 creatures vanquished

Notes
Turn   | Place    | Note
-------+----------+-------------------------------------------
     0 | D:1      | ThreeInvisibleDucks the Octopode Necromancer began the quest for the Orb.
     0 | D:1      | Reached XP level 1. HP: 11/11 MP: 3/3
    24 | D:1      | Learned a level 1 spell: Animate Skeleton
   198 | D:1      | Reached skill level 1 in Unarmed Combat
   301 | D:1      | Reached XP level 2. HP: 15/17 MP: 5/5
  1310 | D:2      | Reached XP level 3. HP: 13/21 MP: 2/6
  1997 | D:2      | Reached XP level 4. HP: 18/27 MP: 0/7
  3186 | D:3      | Reached XP level 5. HP: 27/31 MP: 3/8
  3470 | D:3      | Learned a level 3 spell: Vampiric Draining
  3474 | D:3      | Learned a level 3 spell: Regeneration
  3495 | D:4      | Noticed Naow's ghost (amateur DsBe)
  3565 | D:4      | Killed Naow's ghost
  3565 | D:4      | Reached skill level 5 in Unarmed Combat
  3565 | D:4      | Reached XP level 6. HP: 38/40 MP: 9/9
  3694 | D:4      | Found a staircase to the Ecumenical Temple.
  3700 | Temple   | Entered the Ecumenical Temple
  3775 | Temple   | Became a worshipper of Warmaster Okawaru
  3930 | D:4      | Found an iron altar of Okawaru.
  4130 | D:4      | Reached XP level 7. HP: 36/45 MP: 10/10
  4312 | D:4      | You fall through a shaft for 3 floors!
  4571 | D:7      | Noticed Dowan
  4704 | D:7      | Reached skill level 5 in Stealth
  4763 | D:7      | Reached * piety under Okawaru
  4816 | D:5      | Entered Level 5 of the Dungeon
  5310 | D:4      | Reached skill level 1 in Invocations
  5394 | D:5      | Reached XP level 8. HP: 47/51 MP: 11/11
  6675 | D:6      | Learned a level 1 spell: Confusing Touch
  6775 | D:7      | Reached skill level 1 in Hexes
  6886 | D:7      | Noticed morbho's ghost (novice DsFi)
  7193 | D:7      | Reached XP level 9. HP: 58/58 MP: 8/12
  7373 | D:6      | EV+4 ring!
  8087 | D:9      | Reached skill level 5 in Fighting
  8992 | D:8      | Reached XP level 10. HP: 48/66 MP: 4/13
  9254 | D:8      | Noticed a two-headed ogre
  9265 | D:8      | Killed a two-headed ogre
  9265 | D:8      | Reached ** piety under Okawaru
  9265 | D:8      | Reached skill level 10 in Unarmed Combat
  9265 | D:8      | Reached skill level 5 in Invocations
  9440 | D:8      | Found a burning altar of Makhleb.
  9603 | D:7      | Killed Dowan
  9605 | D:7      | Noticed Duvessa
 10210 | D:10     | Entered Level 10 of the Dungeon
 10323 | D:10     | Found a deep blue altar of Sif Muna.
 10416 | D:10     | Noticed a two-headed ogre
 10430 | D:10     | Killed a two-headed ogre
 10430 | D:10     | Reached skill level 5 in Dodging
 10465 | D:10     | Noticed a two-headed ogre
 10731 | D:11     | Learned a level 2 spell: Shroud of Golubria
 10820 | D:11     | Reached skill level 1 in Charms
 10856 | D:11     | Reached XP level 11. HP: 48/74 MP: 10/15
 11022 | D:11     | Found a staircase to the Lair.
 11091 | D:11     | Noticed a red ugly thing
 11194 | D:11     | Noticed a white ugly thing
 11364 | D:11     | Reached *** piety under Okawaru
 11462 | D:11     | Killed a white ugly thing
 11472 | D:11     | Killed a red ugly thing
 11553 | D:11     | Noticed a death knight
 11603 | D:11     | Noticed Harold
 11703 | D:11     | Learned a level 4 spell: Petrify
 11747 | Lair:1   | Entered Level 1 of the Lair of Beasts
 11786 | Lair:1   | Noticed a five-headed hydra
 11815 | Lair:1   | Reached skill level 1 in Translocations
 11815 | Lair:1   | Reached skill level 1 in Earth Magic
 12370 | Lair:1   | Gained mutation: You are partially covered in rugged brown scales. (AC +1, +3% HP) [potion of mutation]
 12370 | Lair:1   | Gained mutation: You are resistant to hostile enchantments. (MR+) [potion of mutation]
 12370 | Lair:1   | Gained mutation: You possess an exceptional clarity of mind. [potion of mutation]
 12370 | Lair:1   | Gained mutation: Your spells are a little harder to cast, but a little more powerful. [potion of mutation]
 12469 | Lair:2   | Noticed a five-headed hydra
 12480 | Lair:2   | Found a frozen archway.
 12489 | IceCv    | Entered an ice cave
 12690 | Lair:2   | Reached **** piety under Okawaru
 12690 | Lair:2   | Reached skill level 1 in Transmutations
 12825 | Lair:2   | Learned a level 2 spell: Sticks to Snakes
 12941 | Lair:2   | You fall through a shaft for 2 floors!
 13691 | Lair:4   | Noticed a catoblepas
 13741 | Lair:3   | Learned a level 2 spell: Blink
 13743 | Lair:4   | Noticed a catoblepas
 13932 | Lair:4   | Reached skill level 5 in Spellcasting
 13935 | Lair:4   | Reached XP level 12. HP: 82/82 MP: 10/19
 14077 | Lair:5   | Noticed Urug
 14197 | Lair:5   | Found a dark tunnel.
 14206 | Volcano  | Entered a volcano
 14223 | Volcano  | Noticed a red draconian
 14241 | Volcano  | Killed a red draconian
 14241 | Volcano  | Reached skill level 5 in Transmutations
 14272 | Volcano  | Learned a level 5 spell: Blade Hands
 14357 | Volcano  | Reached ***** piety under Okawaru
 14364 | Volcano  | Received a gift from Okawaru
 14365 | Volcano  | Got a steaming quarterstaff {god gift}
 14661 | Lair:3   | Found a shimmering altar of Xom.
 14688 | Lair:3   | Found a staircase to the Swamp.
 14693 | Lair:3   | Found a hole to the Spider Nest.
 15103 | Lair:1   | Identified a scroll of acquirement
 15173 | Lair:1   | Killed a five-headed hydra
 15323 | D:12     | Noticed a two-headed ogre
 15367 | D:11     | Killed a two-headed ogre
 15656 | D:12     | Noticed a two-headed ogre
 15667 | D:12     | Killed a two-headed ogre
 15685 | D:12     | Found a portal to a secret trove of treasure.
 15802 | D:12     | Reached skill level 10 in Transmutations
 15828 | D:12     | Found a flagged portal.
 15834 | Bailey   | Entered a bailey
 15847 | Bailey   | Noticed an orc warlord
 15923 | Bailey   | Found a runed gate.
 15923 | Bailey   | Found a runed gate.
 15924 | Bailey   | Found a runed gate.
 16239 | Bailey   | Killed an orc warlord
 16239 | Bailey   | Reached XP level 13. HP: 87/87 MP: 9/22
 16380 | D:12     | Found a shattered altar of Ashenzari.
 16388 | D:12     | Found a staircase to the Orcish Mines.
 17321 | D:13     | Received a gift from Okawaru
 17321 | D:13     | Reached skill level 1 in Staves
 17407 | D:13     | Received a gift from Okawaru
 18567 | D:13     | Found a gate to the Vaults.
 18923 | D:14     | Found a sacrificial altar of Ru.
 18976 | D:14     | Received a gift from Okawaru
 19054 | D:14     | Found an opulent altar of Gozag.
 19467 | D:15     | Entered Level 15 of the Dungeon
 19479 | D:15     | Noticed Kirke
 19485 | D:15     | Killed Kirke
 19485 | D:15     | Reached XP level 14. HP: 91/96 MP: 13/24
 20160 | D:15     | Received a gift from Okawaru
 20272 | D:15     | Found a staircase to the Depths.
 20406 | Orc:1    | Entered Level 1 of the Orcish Mines
 20494 | Orc:1    | Found a roughly hewn altar of Beogh.
 20865 | Orc:2    | Entered Level 2 of the Orcish Mines
 21134 | Orc:2    | Found a flickering gateway to a bazaar.
 21153 | Bazaar   | Entered a bazaar
 21157 | Bazaar   | Found Neneluto's Book Boutique.
 21175 | Bazaar   | Found Oxullyph's Antique Armour Emporium.
 21192 | Bazaar   | Found Cayd's Book Boutique.
 21209 | Bazaar   | Found Pepasem's Distillery.
 21235 | Bazaar   | Bought a potion of curing for 24 gold pieces
 21235 | Bazaar   | Bought 2 potions of heal wounds for 80 gold pieces
 21235 | Bazaar   | Bought a potion of brilliance for 32 gold pieces
 21235 | Bazaar   | Bought a potion of cancellation for 64 gold pieces
 21235 | Bazaar   | Bought a potion of haste for 80 gold pieces
 21235 | Bazaar   | Bought a potion of agility for 32 gold pieces
 21235 | Bazaar   | Bought a potion of mutation for 64 gold pieces
 21251 | Bazaar   | Bought a book of Party Tricks for 650 gold pieces
 21281 | Bazaar   | Bought a book of the Sky for 585 gold pieces
 21281 | Bazaar   | Bought a book of Burglary for 675 gold pieces
 21281 | Bazaar   | Bought a book of Burglary for 675 gold pieces
 21281 | Bazaar   | Bought a book of the Earth for 585 gold pieces
 21281 | Bazaar   | Bought a manual of Dodging for 993 gold pieces
 21288 | Bazaar   | Learned a level 6 spell: Statue Form
 21438 | Orc:2    | Found a roughly hewn altar of Beogh.
 21795 | Orc:2    | Found a roughly hewn altar of Beogh.
 21843 | Orc:2    | Found a roughly hewn altar of Beogh.
 21844 | Orc:2    | Found Enaulol's Book Boutique.
 22166 | Orc:2    | Found a roughly hewn altar of Beogh.
 22258 | Orc:2    | Found a roughly hewn altar of Beogh.
 22274 | Orc:2    | Found Ateqicw's Distillery.
 22292 | Orc:2    | Bought 2 potions of curing for 66 gold pieces
 22292 | Orc:2    | Bought a potion of curing for 33 gold pieces
 22292 | Orc:2    | Bought a potion of curing for 33 gold pieces
 22292 | Orc:2    | Bought a potion of heal wounds for 55 gold pieces
 22292 | Orc:2    | Bought a potion of curing for 33 gold pieces
 22292 | Orc:2    | Bought a potion of degeneration for 11 gold pieces
 22292 | Orc:2    | Bought a potion of heal wounds for 55 gold pieces
 22292 | Orc:2    | Bought a potion of berserk rage for 55 gold pieces
 22312 | Orc:2    | Found a staircase to the Elven Halls.
 22681 | Orc:2    | Noticed an orc warlord
 22703 | Orc:2    | Killed an orc warlord
 22703 | Orc:2    | Reached skill level 10 in Dodging
 22738 | Orc:2    | Reached skill level 5 in Earth Magic
 22885 | Orc:2    | Found Yrutiuh's Antique Armour Boutique.
 22889 | Orc:2    | Found a roughly hewn altar of Beogh.
 22892 | Orc:2    | Received a gift from Okawaru
 22917 | Orc:2    | Found Hileh's Antique Weapon Shop.
 23003 | Orc:2    | Bought a potion of brilliance for 44 gold pieces
 23003 | Orc:2    | Bought a potion of brilliance for 44 gold pieces
 23230 | Swamp:1  | Entered Level 1 of the Swamp
 23246 | Spider:1 | Entered Level 1 of the Spider Nest
 23338 | Lair:1   | Learned a level 1 spell: Apportation
 23952 | Spider:1 | Reached XP level 15. HP: 104/104 MP: 23/27
 23965 | Spider:1 | Noticed Frances
 24623 | Spider:2 | TID: a potion of experience certainly helps when trying to get Statue Form online...
 24623 | Spider:2 | Reached skill level 10 in Earth Magic
 24623 | Spider:2 | Reached XP level 16. HP: 111/111 MP: 13/28
 24828 | Spider:3 | Got an ancient lead ring
 24839 | Spider:3 | Identified the ring of Untesein {MP+9 Str+4} (You acquired it on level 3 of the Spider Nest)
 25141 | Spider:3 | Identified the Papyrus of Dislocated Toxins
 25216 | Spider:4 | Entered Level 4 of the Spider Nest
 25896 | Spider:4 | Received a gift from Okawaru
 26220 | Swamp:1  | Reached XP level 17. HP: 115/115 MP: 29/29
 26789 | Swamp:2  | Noticed Nikola
 26796 | Swamp:2  | Killed Nikola
 27609 | Swamp:3  | Noticed Aizul
 27630 | Swamp:3  | Killed Aizul
 28280 | Swamp:4  | Entered Level 4 of the Swamp
 28425 | Swamp:4  | Reached skill level 10 in Spellcasting
 28455 | Swamp:4  | Received a gift from Okawaru
 28497 | Swamp:4  | Got a decaying rune of Zot
 28515 | Swamp:4  | Reached XP level 18. HP: 121/121 MP: 32/32
 28517 | Swamp:4  | Noticed McKennaii's ghost (adept MiFi)
 28524 | Swamp:4  | Killed McKennaii's ghost
 29158 | Lair:1   | Upgraded the game from 0.20.0-10-g0535bb4 to 0.20.0-14-g326068f
 29170 | Lair:1   | Learned a level 1 spell: Summon Butterflies
 29176 | Lair:1   | Learned a level 4 spell: Animate Dead
 29837 | Spider:4 | Got a gossamer rune of Zot
 30631 | Lair:5   | Received a gift from Okawaru
 30669 | Lair:5   | Found a staircase to the Slime Pits.
 30926 | Lair:5   | Killed Urug
 31182 | Lair:5   | Received a gift from Okawaru
 31186 | Lair:5   | Reached skill level 10 in Fighting
 31515 | Lair:6   | Entered Level 6 of the Lair of Beasts
 32719 | Lair:6   | Reached XP level 19. HP: 129/129 MP: 34/34
 33100 | Lair:1   | Learned a level 3 spell: Lesser Beckoning
 33213 | D:13     | Reached skill level 1 in Summonings
 33470 | D:11     | Killed Harold
 34069 | Lair:1   | Learned a level 2 spell: Song of Slaying
 34153 | Vaults:1 | Entered Level 1 of the Vaults
 34233 | Vaults:1 | Received a gift from Okawaru
 34414 | Vaults:1 | Reached ****** piety under Okawaru
 34414 | Vaults:1 | Reached skill level 15 in Dodging
 34424 | Vaults:1 | Received a gift from Okawaru
 34465 | Vaults:1 | Reached skill level 1 in Shields
 35162 | Vaults:1 | Reached skill level 15 in Unarmed Combat
 35454 | Vaults:2 | Found a flickering gateway to a bazaar.
 35477 | Bazaar   | Entered a bazaar
 35477 | Bazaar   | Found Tazxacw's Distillery.
 35481 | Bazaar   | Found Ufri's General Store.
 35487 | Bazaar   | Found Ykix Heg's Distillery.
 35516 | Bazaar   | Found Ineb's Book Boutique.
 35519 | Bazaar   | Found Cishrimee's General Store.
 35544 | Bazaar   | Bought a potion of curing for 30 gold pieces
 35546 | Bazaar   | Bought an uncursed ring of protection from fire for 250 gold pieces
 35546 | Bazaar   | Bought a scroll of identify for 20 gold pieces
 35566 | Bazaar   | Bought a potion of mutation for 96 gold pieces
 35572 | Bazaar   | Bought a scroll of blinking for 90 gold pieces
 35581 | Bazaar   | Bought a potion of resistance for 100 gold pieces
 35581 | Bazaar   | Bought a potion of curing for 30 gold pieces
 35581 | Bazaar   | Bought a potion of haste for 100 gold pieces
 35581 | Bazaar   | Bought a potion of mutation for 80 gold pieces
 35581 | Bazaar   | Bought a potion of haste for 100 gold pieces
 35581 | Bazaar   | Bought a potion of mutation for 80 gold pieces
 35581 | Bazaar   | Bought a potion of curing for 30 gold pieces
 35581 | Bazaar   | Bought a potion of curing for 30 gold pieces
 35581 | Bazaar   | Bought 2 potions of agility for 80 gold pieces
 35592 | Bazaar   | Bought a potion of magic for 96 gold pieces
 35592 | Bazaar   | Bought a potion of resistance for 120 gold pieces
 35592 | Bazaar   | Bought a potion of curing for 36 gold pieces
 35592 | Bazaar   | Bought a potion of curing for 36 gold pieces
 35592 | Bazaar   | Bought a potion of ambrosia for 96 gold pieces
 35592 | Bazaar   | Bought a potion of brilliance for 48 gold pieces
 35592 | Bazaar   | Bought a potion of heal wounds for 60 gold pieces
 35592 | Bazaar   | Bought 2 potions of might for 96 gold pieces
 35592 | Bazaar   | Bought a potion of brilliance for 48 gold pieces
 35749 | Vaults:2 | Reached XP level 20. HP: 138/138 MP: 35/35
 35853 | Vaults:2 | Received a gift from Okawaru
 35856 | Vaults:2 | Identified the +7 hand crossbow "Unam" {elec, rPois} (Okawaru gifted it to you on level 2 of the Vaults)
 35979 | Vaults:2 | Reached skill level 5 in Translocations
 36400 | Vaults:2 | Paralysed by a great orb of eyes for 7 turns
 36418 | Vaults:2 | Reached skill level 10 in Invocations
 36821 | Vaults:3 | Received a gift from Okawaru
 36882 | Vaults:3 | Reached skill level 5 in Necromancy
 37757 | Vaults:3 | Found a staircase to the Crypt.
 38222 | Vaults:4 | Found Gasias's Book Emporium.
 38259 | Vaults:4 | Found a magical portal.
 38278 | WizLab   | Entered Iskenderun's Mystic Tower
 38285 | WizLab   | Learned a level 5 spell: Lee's Rapid Deconstruction
 38410 | WizLab   | Reached XP level 21. HP: 147/147 MP: 37/37
 39177 | WizLab   | Received a gift from Okawaru
 39178 | WizLab   | Got an ancient shield {god gift}
 39179 | WizLab   | Identified the +7 shield "Olesuas" {Slay+2} (Okawaru gifted it to you in a wizard's laboratory)
 39296 | WizLab   | Identified Iskenderun's Papyrus of Conjuration
 39296 | WizLab   | Identified Iskenderun's Disquisition on Battle Magic
 39307 | WizLab   | Identified the Incunabulum of Cloudy Necromancy
 40276 | Vaults:4 | Received a gift from Okawaru
 40875 | D:15     | Learned a level 7 spell: Dragon Form
 41552 | Depths:1 | Entered Level 1 of the Depths
 41794 | Depths:1 | Noticed raetorn's ghost (adept HOMo)
 41801 | Depths:1 | Killed raetorn's ghost
 41806 | Depths:1 | Found a gateway to Hell.
 42183 | Depths:1 | Received a gift from Okawaru
 42651 | Depths:2 | Found Doodeo's Distillery.
 42673 | Depths:2 | Reached XP level 22. HP: 157/157 MP: 38/38
 42677 | Depths:2 | Received a gift from Okawaru
 43163 | Depths:2 | Found a one-way gate leading to the halls of Pandemonium.
 43295 | Depths:2 | Identified Ufoinli's Almanac of the Icy Compass
 43311 | Depths:2 | Received a gift from Okawaru
 43312 | Depths:2 | Got a jewelled executioner's axe {god gift}
 43390 | Depths:2 | Identified the Handbook of Stolen Souls
 43452 | Depths:2 | Found a one-way gate to the infinite horrors of the Abyss.
 43712 | Depths:2 | Received a gift from Okawaru
 43817 | Depths:2 | Identified the +6 executioner's axe of Tender Mercy {chop, Fragile rF++ Dex+4} (Okawaru gifted it to you on level 2 of the Depths)
 43956 | D:15     | Learned a level 5 spell: Silence
 44036 | Depths:3 | Reached skill level 1 in Air Magic
 44079 | Depths:3 | Noticed an ancient lich
 44090 | Depths:3 | Killed an ancient lich
 44155 | Depths:3 | Received a gift from Okawaru
 44162 | Depths:3 | Identified the +0 hat of Salvation {+Blink MR+ Slay+2 Stlth+} (Okawaru gifted it to you on level 3 of the Depths)
 44284 | Depths:3 | Reached XP level 23. HP: 164/164 MP: 40/40
 44320 | Depths:3 | Reached skill level 5 in Hexes
 44354 | Depths:3 | Reached skill level 5 in Air Magic
 44421 | Depths:3 | Noticed Bai Suzhen
 45390 | Depths:3 | Found a gateway to a ziggurat.
 45496 | Depths:3 | Killed Bai Suzhen
 45688 | Depths:4 | Received a gift from Okawaru
 46391 | Depths:5 | Entered Level 5 of the Depths
 46515 | Depths:5 | Reached skill level 15 in Spellcasting
 46594 | Depths:5 | Reached XP level 24. HP: 172/172 MP: 42/42
 46660 | Depths:5 | Found a gate to the Realm of Zot.
 46668 | Depths:5 | Found Peduyc's Armour Emporium.
 46708 | Depths:5 | Received a gift from Okawaru
 46714 | Depths:5 | Identified the +0 shield "Woc Bak" {rElec rC+} (Okawaru gifted it to you on level 5 of the Depths)
 47505 | Crypt:1  | Entered Level 1 of the Crypt
 47915 | Crypt:1  | Learned a level 6 spell: Deflect Missiles
 48148 | Crypt:2  | Noticed Margery
 48157 | Crypt:2  | Killed Margery
 48157 | Crypt:2  | Reached skill level 5 in Charms
 48355 | Crypt:2  | Got a pitted jade ring
 48356 | Crypt:2  | Identified the ring of the Greedy {rPois Str+5} (You acquired it on level 2 of the Crypt)
 48814 | Crypt:2  | Received a gift from Okawaru
 48831 | Crypt:3  | Entered Level 3 of the Crypt
 48911 | Crypt:3  | Reached skill level 10 in Air Magic
 49129 | Crypt:3  | Reached skill level 10 in Charms
 49139 | Crypt:3  | Reached XP level 25. HP: 178/178 MP: 42/42
 49171 | Crypt:3  | Received a gift from Okawaru
 49184 | Crypt:3  | Reached skill level 15 in Fighting
 49359 | Crypt:3  | Got a smoking silver amulet
 49359 | Crypt:3  | Got a warped lead ring
 49360 | Crypt:3  | Identified an amulet of Hefe {Regen+ Dex+2} (You found it on level 3 of the Crypt)
 49362 | Crypt:3  | Identified the ring "Foaweu" {rC+ rN+} (You found it on level 3 of the Crypt)
 49363 | Crypt:3  | Identified the ring "Idwy" {rPois rN+} (You found it on level 3 of the Crypt)
 49474 | Crypt:3  | Found a staircase to the Tomb.
 50170 | Crypt:3  | Identified the cursed +0 large shield of Limitation {rCorr Int+5} (You found it on level 3 of the Crypt)
 50603 | Elf:1    | Entered Level 1 of the Elven Halls
 50620 | Elf:1    | Found a deep blue altar of Sif Muna.
 50747 | Elf:1    | Got a steaming bone amulet
 50750 | Elf:1    | Identified the Papyrus of Summoning
 50758 | Elf:1    | Identified the Papyrus of Illusion
 50773 | Elf:1    | Identified the amulet "Ockopt" {RegenMP +Inv} (You found it on level 1 of the Elven Halls)
 51048 | Elf:1    | Found Tealakom's Jewellery Shop.
 51185 | Elf:1    | Noticed Jmtistic's ghost (journeyman MiBe)
 51198 | Elf:1    | Killed Jmtistic's ghost
 51324 | Elf:1    | Reached skill level 5 in Evocations
 51871 | Elf:2    | Found a runed gate.
 51871 | Elf:2    | Found a runed gate.
 51871 | Elf:2    | Found a runed gate.
 51891 | Elf:2    | Found a deep blue altar of Sif Muna.
 52177 | Elf:2    | Noticed Louise
 52191 | Elf:2    | Killed Louise
 52196 | Elf:2    | Received a gift from Okawaru
 52569 | Elf:3    | Entered Level 3 of the Elven Halls
 52612 | Elf:3    | Found Ureodiac's Book Shoppe.
 52653 | Elf:3    | Reached XP level 26. HP: 188/188 MP: 42/42
 52684 | Elf:3    | Found Poodghima's Assorted Antiques.
 52730 | Elf:3    | Found Noolafod's Book Shop.
 53071 | Elf:3    | Found Etohakuq's Antique Weapon Shop.
 53562 | Elf:3    | Identified Cigotuvi's Grimoire of Shifting Necromancy
 53672 | Elf:3    | Identified the Papyrus of Changing
 53686 | Elf:3    | Identified the ring of Mojononk {Int+8 Dex-5 SInv} (You found it on level 3 of the Elven Halls)
 53963 | Elf:3    | Bought a scroll of amnesia for 101 gold pieces
 53970 | Elf:3    | Learned a level 5 spell: Irradiate
 53971 | Elf:3    | Bought a potion of curing for 87 gold pieces
 53971 | Elf:3    | Bought a potion of might for 116 gold pieces
 53971 | Elf:3    | Bought a scroll of fear for 101 gold pieces
 53971 | Elf:3    | Bought a scroll of identify for 58 gold pieces
 53971 | Elf:3    | Bought a potion of flight for 87 gold pieces
 54112 | Orc:2    | Bought a potion of flight for 33 gold pieces
 54112 | Orc:2    | Bought a potion of flight for 33 gold pieces
 54112 | Orc:2    | Bought 2 potions of mutation for 176 gold pieces
 54188 | Elf:1    | Bought the ring "Tururr" {+Inv Str+4 Dex+4} for 592 gold pieces
 54718 | Vaults:3 | Reached skill level 1 in Conjurations
 55201 | Vaults:5 | Entered Level 5 of the Vaults
 55321 | Vaults:5 | Received a gift from Okawaru
 55366 | Vaults:5 | Reached skill level 5 in Conjurations
 55400 | Vaults:5 | Noticed an ancient lich
 55407 | Vaults:5 | Killed an ancient lich
 55431 | Vaults:5 | Reached skill level 15 in Transmutations
 55606 | Vaults:5 | Reached XP level 27. HP: 197/197 MP: 42/42
 55659 | Vaults:5 | Received a gift from Okawaru
 55743 | Vaults:5 | Noticed an ancient lich
 55745 | Vaults:5 | Killed an ancient lich
 56184 | Vaults:5 | Found Tiraluu's Assorted Antiques.
 56188 | Vaults:5 | Bought a scroll of teleportation for 144 gold pieces
 56188 | Vaults:5 | Bought a potion of curing for 144 gold pieces
 56188 | Vaults:5 | Bought a potion of heal wounds for 240 gold pieces
 56188 | Vaults:5 | Bought a potion of agility for 192 gold pieces
 56328 | Vaults:5 | Got a silver rune of Zot
 56849 | Vaults:5 | Received a gift from Okawaru
 57213 | Hell     | Entered the Vestibule of Hell
 57213 | Hell     | Noticed Geryon
 57228 | Hell     | Killed Geryon
 57288 | Hell     | Found a gateway to the Iron City of Dis.
 57368 | Hell     | Reached skill level 10 in Stealth
 57371 | Hell     | Found a gateway to the freezing wastes of Cocytus.
 57501 | Hell     | Found a gateway to the decaying netherworld of Tartarus.
 57594 | Hell     | Found a gateway to the ashen valley of Gehenna.
 57835 | D:12     | You paid a toll of 12 potions of heal wounds to enter a treasure trove
 57836 | Trove    | Entered a treasure trove
 57848 | Trove    | Got a steaming brass ring
 57850 | Trove    | Got a twitching copper ring
 57852 | Trove    | Got a brightly glowing pewter ring
 57858 | Trove    | Got a wavering iron ring
 57860 | Trove    | Got a smoking brass amulet
 57872 | Trove    | Got a faintly glowing ivory ring
 57873 | Trove    | Identified the amulet of Knowledge {Gourm MR+ Int+4 SInv Stlth-} (You found it in a treasure trove)
 57874 | Trove    | Identified the ring "Ykuam" {rC+++ AC+2} (You found it in a treasure trove)
 57875 | Trove    | Identified the ring of Ruguitac {+Fly AC+3 Dex-2 Slay+6 SInv} (You found it in a treasure trove)
 57876 | Trove    | Identified the ring of Pride {rElec Str+5 Dex+6 Slay-4} (You found it in a treasure trove)
 57892 | Trove    | Identified the ring "Joofoy" {rF- MR+ Int+6} (You found it in a treasure trove)
 57894 | Trove    | Identified the ring "Xiazix" {rCorr Int+5} (You found it in a treasure trove)
 58134 | Dis:1    | Entered Level 1 of the Iron City of Dis
 58472 | Dis:4    | You fall through a shaft!
 58680 | Dis:5    | Received a gift from Okawaru
 58690 | Dis:5    | Got a crystal arbalest {god gift}
 58842 | Dis:6    | Reached skill level 15 in Stealth
 58890 | Dis:7    | Entered Level 7 of the Iron City of Dis
 59262 | Dis:7    | Received a gift from Okawaru
 59723 | Dis:7    | Identified the +8 arbalest "Ipheteoso" {venom, +Blink +Fly} (Okawaru gifted it to you on level 5 of the Iron City of Dis)
 60113 | Dis:7    | Received a gift from Okawaru
 60126 | Dis:7    | Got a faintly humming hat {god gift}
 60179 | Dis:7    | Noticed Dispater
 60190 | Dis:7    | Killed Dispater
 60232 | Dis:7    | Got an iron rune of Zot
 60385 | Hell     | Identified the +0 hat "Onesm" {rF+ rCorr Int+2} (Okawaru gifted it to you on level 7 of the Iron City of Dis)
 60426 | Coc:1    | Entered Level 1 of Cocytus
 60966 | Coc:7    | Entered Level 7 of Cocytus
 61357 | Coc:7    | Received a gift from Okawaru
 61426 | Coc:7    | Noticed Antaeus
 61438 | Coc:7    | Killed Antaeus
 61469 | Coc:7    | Got an icy rune of Zot
 61634 | Geh:1    | Entered Level 1 of Gehenna
 62009 | Geh:7    | Entered Level 7 of Gehenna
 62091 | Geh:7    | Received a gift from Okawaru
 62094 | Geh:7    | Got a faintly glowing hat {god gift}
 62119 | Geh:7    | Identified the +0 hat of Defence {rPois rN+} (Okawaru gifted it to you on level 7 of Gehenna)
 62501 | Geh:7    | Noticed Asmodeus
 62524 | Geh:7    | Killed Asmodeus
 62570 | Geh:7    | Got an obsidian rune of Zot
 62783 | Geh:7    | Identified Perel's Advanced Steps in the Arcane Arts
 62857 | Geh:7    | Reached skill level 15 in Air Magic
 63115 | Tar:1    | Entered Level 1 of Tartarus
 63252 | Tar:2    | Received a gift from Okawaru
 63264 | Tar:2    | You fall through a shaft for 2 floors!
 63642 | Tar:7    | Entered Level 7 of Tartarus
 63959 | Tar:7    | Received a gift from Okawaru
 64605 | Tar:7    | Noticed the Serpent of Hell
 64613 | Tar:7    | Killed the Serpent of Hell
 64859 | Tar:7    | Received a gift from Okawaru
 64863 | Tar:7    | Noticed Ereshkigal
 64871 | Tar:7    | Killed Ereshkigal
 64911 | Tar:7    | Got a faintly glowing platinum amulet
 64915 | Tar:7    | Got a bone rune of Zot
 65068 | Hell     | Learned a level 9 spell: Tornado
 65137 | Depths:2 | Voluntarily entered the Abyss.
 65183 | Abyss:1  | Noticed an ancient lich
 65190 | Abyss:1  | Killed an ancient lich
 65280 | Abyss:1  | Identified the amulet of the Failed Coup {Harm *Drain MR+ Int-3 Dex+2} (You found it on level 7 of Tartarus)
 65434 | Depths:2 | Escaped the Abyss
 65459 | Hell     | Learned a level 4 spell: Airstrike
 65478 | Depths:2 | Voluntarily entered the Abyss.
 65671 | Abyss:3  | Noticed an ancient lich
 65677 | Abyss:3  | Killed an ancient lich
 66107 | Abyss:4  | Noticed an ancient lich
 66107 | Abyss:4  | Got an abyssal rune of Zot
 66115 | Abyss:4  | Killed an ancient lich
 66116 | Abyss:4  | Received a gift from Okawaru
 66830 | Depths:2 | Escaped the Abyss
 67156 | Vaults:4 | Bought a Necronomicon for 1876 gold pieces
 67213 | Vaults:5 | Bought a potion of brilliance for 192 gold pieces
 67774 | D:8      | Fell from the grace of Okawaru
 67774 | D:8      | Became a worshipper of Makhleb the Destroyer
 68021 | Depths:2 | Bought a potion of berserk rage for 70 gold pieces
 68021 | Depths:2 | Bought a potion of curing for 42 gold pieces
 68021 | Depths:2 | Bought a potion of flight for 42 gold pieces
 68021 | Depths:2 | Bought a potion of lignification for 42 gold pieces
 68021 | Depths:2 | Bought a potion of curing for 42 gold pieces
 68021 | Depths:2 | Bought a potion of might for 56 gold pieces
 68021 | Depths:2 | Bought a potion of magic for 112 gold pieces
 68021 | Depths:2 | Bought a potion of haste for 140 gold pieces
 68021 | Depths:2 | Bought a potion of mutation for 112 gold pieces
 68021 | Depths:2 | Bought a potion of might for 56 gold pieces
 68021 | Depths:2 | Bought a potion of mutation for 112 gold pieces
 68164 | Zig:1    | Entered Level 1 of a ziggurat
 68188 | Zig:2    | Entered Level 2 of a ziggurat
 68208 | Zig:3    | Entered Level 3 of a ziggurat
 68229 | Zig:3    | Identified the Collected Works on Burning Clay
 68365 | Zig:4    | Entered Level 4 of a ziggurat
 68416 | Zig:5    | Entered Level 5 of a ziggurat
 68456 | Zig:6    | Entered Level 6 of a ziggurat
 68466 | Zig:6    | Reached * piety under Makhleb
 68504 | Zig:7    | Entered Level 7 of a ziggurat
 68579 | Zig:8    | Entered Level 8 of a ziggurat
 68637 | Zig:9    | Entered Level 9 of a ziggurat
 68644 | Zig:9    | Reached ** piety under Makhleb
 68666 | Zig:9    | Identified An Initiation to Wizardry
 68712 | Zig:10   | Entered Level 10 of a ziggurat
 68743 | Zig:10   | Identified an amulet of Josuk {Regen+ Str+2 Slay+4 Stlth+} (You found it on level 10 of a ziggurat)
 68779 | Zig:11   | Entered Level 11 of a ziggurat
 68788 | Zig:11   | Reached *** piety under Makhleb
 68808 | Zig:11   | Identified the amulet "Naqar" {RegenMP Str+3} (You found it on level 11 of a ziggurat)
 68852 | Zig:12   | Entered Level 12 of a ziggurat
 68905 | Zig:12   | Identified the Catalogue of Protection and Beguiling
 68906 | Zig:12   | Identified the Grimoire of Stones and the Arsonist
 68929 | Zig:13   | Entered Level 13 of a ziggurat
 68938 | Zig:13   | Reached **** piety under Makhleb
 69011 | Zig:14   | Entered Level 14 of a ziggurat
 69029 | Zig:14   | Gained mutation: You are dopey. (Int -2) [a shining eye]
 69037 | Zig:14   | Reached ***** piety under Makhleb
 69054 | Zig:14   | Learned a level 6 spell: Darkness
 69063 | Zig:14   | Learned a level 8 spell: Necromutation
 69073 | Zig:14   | Identified the Incunabulum of Dusty Confrontation
 69094 | Zig:15   | Entered Level 15 of a ziggurat
 69109 | Zig:15   | Noticed an orb of fire
 69111 | Zig:15   | Noticed an orb of fire
 69112 | Zig:15   | Noticed an orb of fire
 69116 | Zig:15   | Noticed an orb of fire
 69117 | Zig:15   | Killed an orb of fire
 69117 | Zig:15   | Gained mutation: You are frail. (-10% HP) [an orb of fire]
 69123 | Zig:15   | Killed an orb of fire
 69124 | Zig:15   | Gained mutation: You are surrounded by a mild repulsion field. (EV +2) [an orb of fire]
 69125 | Zig:15   | Killed an orb of fire
 69125 | Zig:15   | Reached skill level 10 in Necromancy
 69127 | Zig:15   | Killed an orb of fire
 69147 | Zig:15   | Identified the ring "Ebojavoa" {*Drain rC+ MR+++ Int+4 Stlth-} (You found it on level 15 of a ziggurat)
 69149 | Zig:15   | Identified the ring "Rutisi Mist" {rElec MP+9} (You found it on level 15 of a ziggurat)
 69164 | Zig:15   | Identified Buvoxot's Reference Book on Transmutation and Dark Rites
 69185 | Zig:16   | Entered Level 16 of a ziggurat
 69197 | Zig:16   | Noticed an ancient lich
 69203 | Zig:16   | Killed an ancient lich
 69251 | Zig:17   | Entered Level 17 of a ziggurat
 69269 | Zig:17   | Reached ****** piety under Makhleb
 69327 | Zig:18   | Entered Level 18 of a ziggurat
 69390 | Zig:18   | Identified Sif Muna's Almanac of Toxic Ignition
 69404 | Zig:19   | Entered Level 19 of a ziggurat
 69453 | Zig:19   | Identified Bemesorph's Collected Works on Flames and Slavery
 69517 | Zig:19   | Learned a level 8 spell: Chain Lightning
 69580 | Zig:20   | Entered Level 20 of a ziggurat
 69622 | Zig:20   | Identified the Volume of Earthen Slavery
 69652 | Zig:21   | Entered Level 21 of a ziggurat
 69669 | Zig:21   | Reached skill level 10 in Conjurations
 69769 | Zig:21   | Identified the ring "Yxkazoxo" {Ice rElec MR+ Int-5 Slay+5} (You found it on level 21 of a ziggurat)
 69773 | Zig:21   | Identified the Papyrus of Attacks and Ice
 69801 | Zig:22   | Entered Level 22 of a ziggurat
 69823 | Zig:22   | Noticed Ketonuew the pandemonium lord
 69828 | Zig:22   | Reached skill level 27 in Spellcasting
 69829 | Zig:22   | Reached skill level 10 in Evocations
 69830 | Zig:22   | Killed Ketonuew the pandemonium lord
 69844 | Zig:22   | Gained mutation: Your magical capacity is low. (-10% MP) [mutagenic glow]
 69963 | Zig:23   | Entered Level 23 of a ziggurat
 69974 | Zig:23   | Noticed Jurumeky the pandemonium lord
 69982 | Zig:23   | Noticed Fopsuyps the pandemonium lord
 69982 | Zig:23   | Noticed Hymp the pandemonium lord
 69984 | Zig:23   | Noticed Hoeqecoa the pandemonium lord
 69985 | Zig:23   | Noticed Yvoeg the pandemonium lord
 69988 | Zig:23   | Killed Fopsuyps the pandemonium lord
 69988 | Zig:23   | Killed Jurumeky the pandemonium lord
 69989 | Zig:23   | Killed Hymp the pandemonium lord
 69992 | Zig:23   | Killed Hoeqecoa the pandemonium lord
 69994 | Zig:23   | Noticed Byhit the pandemonium lord
 69995 | Zig:23   | Killed Yvoeg the pandemonium lord
 70000 | Zig:23   | Noticed Ubef Vuph the pandemonium lord
 70004 | Zig:23   | Noticed Joecinoc the pandemonium lord
 70005 | Zig:23   | Killed Byhit the pandemonium lord
 70007 | Zig:23   | Noticed Vidoto Biadi the pandemonium lord
 70010 | Zig:23   | Noticed Ufijeck the pandemonium lord
 70010 | Zig:23   | Killed Ubef Vuph the pandemonium lord
 70013 | Zig:23   | Noticed Zost the pandemonium lord
 70015 | Zig:23   | Noticed Gotheigi the pandemonium lord
 70015 | Zig:23   | Noticed Qanyc Fucs the pandemonium lord
 70017 | Zig:23   | Noticed Voppidgh the pandemonium lord
 70018 | Zig:23   | Noticed Finu the pandemonium lord
 70018 | Zig:23   | Killed Joecinoc the pandemonium lord
 70028 | Zig:23   | Killed Ufijeck the pandemonium lord
 70031 | Zig:23   | Killed Finu the pandemonium lord
 70033 | Zig:23   | Killed Qanyc Fucs the pandemonium lord
 70036 | Zig:23   | Killed Zost the pandemonium lord
 70036 | Zig:23   | Killed Vidoto Biadi the pandemonium lord
 70037 | Zig:23   | Killed Voppidgh the pandemonium lord
 70039 | Zig:23   | Killed Gotheigi the pandemonium lord
 70039 | Zig:23   | Reached skill level 15 in Conjurations
 70039 | Zig:23   | Reached skill level 15 in Evocations
 70083 | Zig:23   | Identified Sif Muna's Volume of Icy Transmigration
 70185 | Zig:24   | Entered Level 24 of a ziggurat
 70212 | Zig:24   | Noticed an ancient lich
 70214 | Zig:24   | Noticed an ancient lich
 70214 | Zig:24   | Noticed an ancient lich
 70217 | Zig:24   | Noticed an ancient lich
 70218 | Zig:24   | Noticed an ancient lich
 70218 | Zig:24   | Killed an ancient lich
 70221 | Zig:24   | Killed an ancient lich
 70221 | Zig:24   | Killed an ancient lich
 70223 | Zig:24   | Noticed an ancient lich
 70226 | Zig:24   | Killed an ancient lich
 70226 | Zig:24   | Killed an ancient lich
 70228 | Zig:24   | Noticed an ancient lich
 70229 | Zig:24   | Noticed an ancient lich
 70229 | Zig:24   | Killed an ancient lich
 70232 | Zig:24   | Paralysed by a floating eye for 2 turns
 70234 | Zig:24   | Killed an ancient lich
 70234 | Zig:24   | Killed an ancient lich
 70277 | Zig:24   | Identified the ring "Micoopt" {EV+5 Dex+8} (You found it on level 24 of a ziggurat)
 70292 | Zig:24   | Identified the Handbook of Earthen Ignition
 70313 | Zig:25   | Entered Level 25 of a ziggurat
 70341 | Zig:25   | Paralysed by accursed screaming for 2 turns
 70342 | Zig:25   | Gained mutation: You are extremely frail. (-30% HP) [a cacodemon]
 70385 | Zig:25   | Identified the Incunabulum of Classification
 70390 | Zig:25   | Identified Eroafexyt's Almanac of Feathers
 70397 | Zig:25   | Identified the ring of Oxtaq {Ice -Tele rElec MR+ SInv} (You found it on level 25 of a ziggurat)
 70405 | Zig:25   | Identified the amulet of Finality {Faith Str+5 Dex-4} (You found it on level 25 of a ziggurat)
 70480 | Zig:25   | Lost mutation: You possess an exceptional clarity of mind. [potion of mutation]
 70480 | Zig:25   | Lost mutation: You are very frail. (-20% HP) [potion of mutation]
 70480 | Zig:25   | Lost mutation: Your magical capacity is low. (-10% MP) [potion of mutation]
 70480 | Zig:25   | Lost mutation: You are dopey. (Int -2) [potion of mutation]
 70480 | Zig:25   | Gained mutation: You are agile. (Dex +2) [potion of mutation]
 70480 | Zig:25   | Gained mutation: Your magical capacity is low. (-10% MP) [potion of mutation]
 70480 | Zig:25   | Gained mutation: You are partially covered in slimy green scales. (AC +2) [potion of mutation]
 70481 | Zig:25   | Lost mutation: You are resistant to hostile enchantments. (MR+) [potion of mutation]
 70481 | Zig:25   | Lost mutation: You are frail. (-10% HP) [potion of mutation]
 70481 | Zig:25   | Gained mutation: Your mind is acute. (Int +2) [potion of mutation]
 70506 | Zig:26   | Entered Level 26 of a ziggurat
 70575 | Zig:26   | Identified Sif Muna's Volume of Calling and Intoxication
 70590 | Zig:26   | Identified Warroux's Reference Book on Benedictions and Lightness
 70595 | Zig:26   | Identified the ring of Veizopp {rF- MR+ MP+9 Str+4 Int+5} (You found it on level 26 of a ziggurat)
 70610 | Zig:26   | Identified the ring "Kokhiuta" {rF++ rN+ Int+4 Slay+4} (You found it on level 26 of a ziggurat)
 70631 | Zig:26   | Identified the amulet "Woplyo" {Faith Str+2 Dex+2} (You acquired it on level 26 of a ziggurat)
 70632 | Zig:26   | Identified the ring "Goytzut" {MP+9 Int+2} (You acquired it on level 26 of a ziggurat)
 70691 | Zig:27   | Entered Level 27 of a ziggurat
 70760 | Zig:27   | Identified the ring of Abstinence {MP+9 SInv} (You found it on level 27 of a ziggurat)
 70773 | Zig:27   | Got an ancient lead ring
 70775 | Zig:27   | Identified the ring "Icinuragh" {-Tele rElec Int+5 SInv} (You found it on level 27 of a ziggurat)
 70854 | Hell     | Learned a level 9 spell: Fire Storm
 70857 | Zig:1    | Entered Level 1 of a ziggurat
 70873 | Zig:2    | Entered Level 2 of a ziggurat
 70897 | Zig:3    | Entered Level 3 of a ziggurat
 70906 | Zig:3    | Reached skill level 1 in Fire Magic
 70925 | Zig:4    | Entered Level 4 of a ziggurat
 70951 | Zig:5    | Entered Level 5 of a ziggurat
 70956 | Zig:5    | Noticed a greater mummy
 70963 | Zig:5    | Killed a greater mummy
 70997 | Zig:6    | Entered Level 6 of a ziggurat
 71026 | Zig:6    | Got a translucent tin amulet
 71027 | Zig:6    | Identified the amulet "Ovvuuc" {Reflect Fragile rPois rN++ Dex+4 SH+4} (You found it on level 6 of a ziggurat)
 71035 | Zig:6    | Identified the Catalogue of the Sinister Snowflakes
 71117 | Zig:7    | Entered Level 7 of a ziggurat
 71169 | Zig:8    | Entered Level 8 of a ziggurat
 71174 | Zig:8    | Noticed Goyghiadgh the pandemonium lord
 71178 | Zig:8    | Noticed Viti the pandemonium lord
 71184 | Zig:8    | Killed Viti the pandemonium lord
 71184 | Zig:8    | Reached skill level 5 in Fire Magic
 71185 | Zig:8    | Killed Goyghiadgh the pandemonium lord
 71233 | Zig:9    | Entered Level 9 of a ziggurat
 71249 | Zig:9    | Gained mutation: You do not regenerate when monsters are visible. [a shining eye]
 71300 | Zig:10   | Entered Level 10 of a ziggurat
 71466 | Zig:11   | Entered Level 11 of a ziggurat
 71509 | Zig:11   | Identified the Almanac of the Ass
 71526 | Zig:11   | Identified the cursed +1 morningstar of Crystal {venom, +Rage rC+} (You found it on level 11 of a ziggurat)
 71546 | Zig:12   | Entered Level 12 of a ziggurat
 71599 | Zig:13   | Entered Level 13 of a ziggurat
 71621 | Zig:13   | Gained mutation: Scrolls take you a little longer to read. [a shining eye]
 71624 | Zig:13   | Reached skill level 10 in Fire Magic
 71631 | Zig:13   | Lost mutation: Your mind is acute. (Int +2) [potion of mutation]
 71631 | Zig:13   | Lost mutation: Your magical capacity is low. (-10% MP) [potion of mutation]
 71631 | Zig:13   | Lost mutation: Scrolls take you a little longer to read. [potion of mutation]
 71631 | Zig:13   | Gained mutation: Your mind is acute. (Int +2) [potion of mutation]
 71631 | Zig:13   | Gained mutation: You are frail. (-10% HP) [potion of mutation]
 71631 | Zig:13   | Gained mutation: Your flesh is heat resistant. (rF+) [potion of mutation]
 71642 | Zig:13   | Identified the Compendium of Clay and Talismans
 71647 | Zig:13   | Got a translucent lead ring
 71648 | Zig:13   | Identified the ring of Qaemiud {rPois rF- rC+ Stlth+} (You found it on level 13 of a ziggurat)
 71695 | Zig:14   | Entered Level 14 of a ziggurat
 71735 | Zig:14   | Got a heavily runed granite ring
 71736 | Zig:14   | Identified the ring of Okawaru's Esteem {rElec rPois Int+4 Stlth-} (You found it on level 14 of a ziggurat)
 71740 | Zig:14   | Got a faintly glowing bronze amulet
 71741 | Zig:14   | Identified the amulet "Vydov" {Gourm rN++ Str-3 Dex+3} (You found it on level 14 of a ziggurat)
 71761 | Zig:14   | Identified the Catalogue of Summoning
 71784 | Zig:15   | Entered Level 15 of a ziggurat
 71859 | Zig:16   | Entered Level 16 of a ziggurat
 71918 | Zig:16   | Reached skill level 15 in Fire Magic
 71935 | Zig:16   | Learned a level 8 spell: Ignition
 71964 | Zig:17   | Entered Level 17 of a ziggurat
 72024 | Zig:17   | Identified the amulet "Zyocuw Lussi" {RegenMP rPois rF+} (You found it on level 17 of a ziggurat)
 72069 | Zig:18   | Entered Level 18 of a ziggurat
 72086 | Zig:18   | Noticed an ancient lich
 72090 | Zig:18   | Noticed an ancient lich
 72090 | Zig:18   | Noticed an ancient lich
 72090 | Zig:18   | Noticed an ancient lich
 72091 | Zig:18   | Noticed an ancient lich
 72091 | Zig:18   | Noticed an ancient lich
 72092 | Zig:18   | Killed an ancient lich
 72092 | Zig:18   | Killed an ancient lich
 72092 | Zig:18   | Killed an ancient lich
 72093 | Zig:18   | Killed an ancient lich
 72093 | Zig:18   | Killed an ancient lich
 72093 | Zig:18   | Killed an ancient lich
 72093 | Zig:18   | Gained mutation: You are weak. (Str -2) [a shining eye]
 72115 | Zig:18   | Identified the ring "Suruth" {*Tele rElec MR+} (You found it on level 18 of a ziggurat)
 72124 | Zig:18   | Identified Kekar's Compendium of Twisted Lightness
 72141 | Zig:19   | Entered Level 19 of a ziggurat
 72156 | Zig:19   | Noticed an ancient lich
 72156 | Zig:19   | Noticed an ancient lich
 72159 | Zig:19   | Killed an ancient lich
 72159 | Zig:19   | Killed an ancient lich
 72180 | Zig:19   | Identified the ring "Enoppol" {Fire MP-9 Int+4 Stlth+} (You found it on level 19 of a ziggurat)
 72184 | Zig:19   | Identified the Almanac of Sinister Rites
 72196 | Zig:19   | Got a pitted hat
 72207 | Zig:19   | Identified the +0 hat of Fuoff {rPois rC+} (You found it on level 19 of a ziggurat)
 72218 | Zig:19   | Identified Sif Muna's Almanac of Transmigration and Snow
 72236 | Zig:20   | Entered Level 20 of a ziggurat
 72283 | Zig:20   | Identified the amulet of Pride {RegenMP Str+4 Int+3 SInv} (You found it on level 20 of a ziggurat)
 72300 | Zig:20   | Got a sparkling iron ring
 72307 | Zig:20   | Identified the ring of Eternity {+Fly Stlth+} (You found it on level 20 of a ziggurat)
 72317 | Zig:20   | Got a scorched granite ring
 72318 | Zig:20   | Identified the ring of Demons {Fire +Fly rN+ Str+4 Int-2} (You found it on level 20 of a ziggurat)
 72328 | Zig:20   | Got a shimmering granite ring
 72329 | Zig:20   | Identified the ring of Gisapsoj {-Tele rElec rPois rF- MR+ Int+6} (You found it on level 20 of a ziggurat)
 72351 | Zig:21   | Entered Level 21 of a ziggurat
 72436 | Zig:21   | Got a twitching jade ring
 72438 | Zig:21   | Identified the ring "Ratiuxad" {*Corrode MP+9 Int+3} (You found it on level 21 of a ziggurat)
 72464 | Zig:22   | Entered Level 22 of a ziggurat
 72531 | Zig:22   | Identified the ring "Qoripach" {Fire *Corrode MR+ Dex+4 SInv} (You found it on level 22 of a ziggurat)
 72559 | Zig:23   | Entered Level 23 of a ziggurat
 72610 | Zig:23   | Got a brightly glowing tin ring
 72611 | Zig:23   | Identified the ring of Bodily Harmony {MR+ MP+9 Str-2 Int+2} (You found it on level 23 of a ziggurat)
 72619 | Zig:23   | Got an ancient silver ring
 72621 | Zig:23   | Identified the ring "Maorex" {Fire rN++ Str+2 Stlth+} (You found it on level 23 of a ziggurat)
 72632 | Zig:23   | Got a pitted pewter ring
 72640 | Zig:23   | Identified the ring "Nooczuep" {-Tele +Fly rC+ Stlth-} (You found it on level 23 of a ziggurat)
 72679 | Zig:24   | Entered Level 24 of a ziggurat
 72736 | Zig:24   | Got a scintillating steel ring
 72752 | Zig:24   | Reached skill level 27 in Conjurations
 72758 | Zig:24   | Identified the ring of the Past {+Fly MR+} (You found it on level 24 of a ziggurat)
 72775 | Zig:24   | Got a clouded iron ring
 72777 | Zig:24   | Identified the ring "Zas Tixzoi" {+Blink Int+2 Dex+6} (You found it on level 24 of a ziggurat)
 72882 | Zig:25   | Entered Level 25 of a ziggurat
 72953 | Zig:25   | Was forgiven by Okawaru
 73037 | Zig:26   | Entered Level 26 of a ziggurat
 73118 | Zig:26   | Identified Eseecur's First Steps in Theurgy
 73148 | Zig:26   | Got a scorched brass ring
 73150 | Zig:26   | Identified the ring "Liusarau" {rElec SInv Stlth-} (You found it on level 26 of a ziggurat)
 73194 | Zig:27   | Entered Level 27 of a ziggurat
 73266 | Zig:27   | Reached skill level 5 in Ice Magic
 73285 | Zig:27   | Learned a level 9 spell: Glaciate
 73291 | Zig:27   | Got a shimmering brass ring
 73293 | Zig:27   | Identified the ring of Insomnia {*Tele MP+9 SInv} (You found it on level 27 of a ziggurat)
 73333 | Hell     | Learned a level 8 spell: Borgnjor's Revivification
 73637 | Slime:1  | Entered Level 1 of the Pits of Slime
 73696 | Slime:5  | Entered Level 5 of the Pits of Slime
 73719 | Slime:5  | Reached skill level 15 in Necromancy
 73723 | Slime:5  | Noticed the Royal Jelly
 73726 | Slime:5  | Killed the Royal Jelly
 73759 | Slime:5  | Got a slimy rune of Zot
 73789 | Slime:5  | Got a scorched platinum ring
 73804 | Slime:5  | Got a twitching golden ring
 73834 | Slime:5  | Identified the Papyrus of Blistering Enhancements
 73839 | Slime:5  | Identified the Grimoire of Feathers
 74041 | Lair:1   | Identified the ring "Orich" {rElec rN+ Str+4 SInv} (You found it on level 5 of the Pits of Slime)
 74043 | Lair:1   | Identified the ring of Quarrel {+Blink rC+ rN+ Stlth+} (You found it on level 5 of the Pits of Slime)
 74316 | Pan      | Entered Pandemonium
 74330 | Pan      | Noticed Mennas
 74341 | Pan      | Killed Mennas
 74365 | Pan      | Noticed Vagoyd the pandemonium lord
 74380 | Pan      | Killed Vagoyd the pandemonium lord
 74480 | Pan      | Found an exit through the horrors of the Abyss.
 74492 | Pan      | Found an exit through the horrors of the Abyss.
 74575 | Pan      | Noticed Bos Viko the pandemonium lord
 74579 | Pan      | Killed Bos Viko the pandemonium lord
 74587 | Pan      | Gained mutation: You are very weak. (Str -4) [a neqoxec]
 74646 | Pan      | Reached skill level 10 in Ice Magic
 74654 | Pan      | Lost mutation: You are frail. (-10% HP) [a neqoxec]
 74660 | Pan      | Noticed Ygujed the pandemonium lord
 74662 | Pan      | Killed Ygujed the pandemonium lord
 74800 | Pan      | Got a demonic rune of Zot
 74802 | Pan      | Noticed Setuvvaz the pandemonium lord
 74927 | Depths:2 | Escaped Pandemonium
 74930 | Pan      | Entered the realm of Mnoleg.
 74930 | Pan      | Entered Pandemonium
 74951 | Pan      | Found an exit through the horrors of the Abyss.
 75022 | Pan      | Noticed Mnoleg
 75039 | Pan      | Killed Mnoleg
 75072 | Pan      | Got a glowing rune of Zot
 75140 | Pan      | Entered the realm of Gloorx Vloq.
 75267 | Pan      | Noticed Gloorx Vloq
 75270 | Pan      | Killed Gloorx Vloq
 75288 | Pan      | Got a dark rune of Zot
 75353 | Pan      | Noticed Tiguon the pandemonium lord
 75355 | Pan      | Killed Tiguon the pandemonium lord
 75375 | Pan      | Found an exit through the horrors of the Abyss.
 75393 | Pan      | Noticed Ysuo the pandemonium lord
 75399 | Pan      | Killed Ysuo the pandemonium lord
 75423 | Pan      | Entered the realm of Cerebov.
 75496 | Pan      | Noticed Cerebov
 75510 | Pan      | Killed Cerebov
 75510 | Pan      | Reached skill level 27 in Unarmed Combat
 75529 | Pan      | Got a fiery rune of Zot
 75574 | Pan      | Entered the realm of Lom Lobon.
 75574 | Pan      | Noticed Lom Lobon
 75607 | Pan      | Killed Lom Lobon
 75607 | Pan      | Reached skill level 15 in Ice Magic
 75610 | Pan      | Got a magical rune of Zot
 75705 | Depths:2 | Escaped Pandemonium
 76086 | Tomb:1   | Entered Level 1 of the Tomb of the Ancients
 76252 | Tomb:1   | Noticed a greater mummy
 76254 | Tomb:1   | Killed a greater mummy
 76452 | Tomb:2   | Noticed a greater mummy
 76453 | Tomb:2   | Noticed a greater mummy
 76453 | Tomb:2   | Noticed a greater mummy
 76453 | Tomb:2   | Noticed a greater mummy
 76455 | Tomb:2   | Noticed a greater mummy
 76456 | Tomb:2   | Killed a greater mummy
 76457 | Tomb:2   | Killed a greater mummy
 76457 | Tomb:2   | Killed a greater mummy
 76457 | Tomb:2   | Killed a greater mummy
 76460 | Tomb:2   | Killed a greater mummy
 76525 | Tomb:1   | Noticed a greater mummy
 76525 | Tomb:1   | Noticed a greater mummy
 76525 | Tomb:1   | Noticed a greater mummy
 76525 | Tomb:1   | Noticed a greater mummy
 76527 | Tomb:1   | Noticed a greater mummy
 76527 | Tomb:1   | Killed a greater mummy
 76528 | Tomb:1   | Killed a greater mummy
 76528 | Tomb:1   | Killed a greater mummy
 76528 | Tomb:1   | Killed a greater mummy
 76530 | Tomb:1   | Noticed a greater mummy
 76530 | Tomb:1   | Killed a greater mummy
 76530 | Tomb:1   | Killed a greater mummy
 76617 | Tomb:1   | Noticed a greater mummy
 76624 | Tomb:1   | Killed a greater mummy
 76630 | Tomb:1   | Noticed a greater mummy
 76637 | Tomb:1   | Killed a greater mummy
 76641 | Tomb:1   | Noticed a greater mummy
 76644 | Tomb:1   | Killed a greater mummy
 76665 | Tomb:1   | Noticed a greater mummy
 76668 | Tomb:1   | Killed a greater mummy
 76673 | Tomb:1   | Noticed a greater mummy
 76675 | Tomb:1   | Killed a greater mummy
 76686 | Tomb:1   | Noticed a greater mummy
 76690 | Tomb:1   | Killed a greater mummy
 76714 | Tomb:1   | Noticed a greater mummy
 76717 | Tomb:1   | Noticed a greater mummy
 76719 | Tomb:1   | Killed a greater mummy
 76720 | Tomb:1   | Killed a greater mummy
 76727 | Tomb:1   | Noticed a greater mummy
 76734 | Tomb:1   | Killed a greater mummy
 76759 | Tomb:1   | Noticed a greater mummy
 76760 | Tomb:1   | Noticed a greater mummy
 76762 | Tomb:1   | Killed a greater mummy
 76762 | Tomb:1   | Killed a greater mummy
 76766 | Tomb:1   | Noticed a greater mummy
 76768 | Tomb:1   | Killed a greater mummy
 76797 | Tomb:1   | Noticed a greater mummy
 76805 | Tomb:1   | Killed a greater mummy
 76811 | Tomb:1   | Noticed a greater mummy
 76811 | Tomb:1   | Noticed a greater mummy
 76814 | Tomb:1   | Killed a greater mummy
 76815 | Tomb:1   | Killed a greater mummy
 76817 | Tomb:1   | Noticed a greater mummy
 76826 | Tomb:1   | Killed a greater mummy
 76832 | Tomb:1   | Noticed a greater mummy
 76835 | Tomb:1   | Killed a greater mummy
 76913 | Tomb:3   | Entered Level 3 of the Tomb of the Ancients
 76930 | Tomb:3   | Noticed a greater mummy
 76937 | Tomb:3   | Killed a greater mummy
 76939 | Tomb:3   | Noticed an ancient lich
 76950 | Tomb:3   | Noticed a greater mummy
 76952 | Tomb:3   | Killed an ancient lich
 76957 | Tomb:3   | Killed a greater mummy
 76967 | Tomb:3   | Noticed a greater mummy
 76971 | Tomb:3   | Killed a greater mummy
 77002 | Tomb:3   | Got a brightly glowing jade ring
 77003 | Tomb:3   | Identified the ring "Osysigint" {-Tele +Inv +Fly MP+9 Int+4} (You found it on level 3 of the Tomb of the Ancients)
 77009 | Tomb:3   | Noticed a greater mummy
 77011 | Tomb:3   | Identified the Guide on Envenoming and Ice
 77015 | Tomb:3   | Killed a greater mummy
 77021 | Tomb:3   | Got a sparkling garnet amulet
 77021 | Tomb:3   | Got a vibrating iron ring
 77022 | Tomb:3   | Identified the amulet "Cioral" {Faith Dex+4} (You found it on level 3 of the Tomb of the Ancients)
 77023 | Tomb:3   | Identified the ring "Mexyupoc" {rCorr rElec rN++ Stlth+} (You found it on level 3 of the Tomb of the Ancients)
 77090 | Tomb:3   | Noticed a greater mummy
 77098 | Tomb:3   | Killed a greater mummy
 77114 | Tomb:3   | Noticed Khufu
 77116 | Tomb:3   | Noticed a greater mummy
 77122 | Tomb:3   | Killed Khufu
 77122 | Tomb:3   | Killed a greater mummy
 77150 | Tomb:3   | Noticed a greater mummy
 77152 | Tomb:3   | Killed a greater mummy
 77182 | Tomb:3   | Got a golden rune of Zot
 77842 | Zot:1    | Entered Level 1 of the Realm of Zot
 78121 | Zot:2    | Noticed an orb of fire
 78122 | Zot:2    | Noticed an orb of fire
 78126 | Zot:2    | Gained mutation: Scrolls take you a little longer to read. [an orb of fire]
 78127 | Zot:2    | Killed an orb of fire
 78128 | Zot:2    | Killed an orb of fire
 78129 | Zot:2    | Lost mutation: You are agile. (Dex +2) [potion of mutation]
 78129 | Zot:2    | Lost mutation: You are surrounded by a mild repulsion field. (EV +2) [potion of mutation]
 78129 | Zot:2    | Lost mutation: Scrolls take you a little longer to read. [potion of mutation]
 78129 | Zot:2    | Gained mutation: You are mostly covered in rugged brown scales. (AC +2, +5% HP) [potion of mutation]
 78129 | Zot:2    | Lost mutation: Your spells are a little harder to cast, but a little more powerful. [potion of mutation]
 78129 | Zot:2    | Gained mutation: You possess an exceptional clarity of mind. [potion of mutation]
 78386 | Zot:5    | Entered Level 5 of the Realm of Zot
 78592 | Zot:5    | Noticed an ancient lich
 78598 | Zot:5    | Killed an ancient lich
 78599 | Zot:5    | Noticed an ancient lich
 78600 | Zot:5    | Noticed an orb of fire
 78602 | Zot:5    | Noticed an ancient lich
 78602 | Zot:5    | Killed an ancient lich
 78602 | Zot:5    | Reached skill level 27 in Fire Magic
 78603 | Zot:5    | Killed an orb of fire
 78609 | Zot:5    | Killed an ancient lich
 78609 | Zot:5    | Reached skill level 27 in Air Magic
 78613 | Zot:5    | Noticed an orb of fire
 78615 | Zot:5    | Killed an orb of fire
 78637 | Zot:5    | Noticed an orb of fire
 78638 | Zot:5    | Gained mutation: Your body sometimes deteriorates upon taking damage. [an orb of fire]
 78640 | Zot:5    | Lost mutation: You possess an exceptional clarity of mind. [an orb of fire]
 78641 | Zot:5    | Killed an orb of fire
 78677 | Zot:5    | Noticed an orb of fire
 78679 | Zot:5    | Noticed an orb of fire
 78680 | Zot:5    | Noticed an orb of fire
 78680 | Zot:5    | Killed an orb of fire
 78681 | Zot:5    | Killed an orb of fire
 78682 | Zot:5    | Killed an orb of fire
 78683 | Zot:5    | Noticed an orb of fire
 78683 | Zot:5    | Noticed an ancient lich
 78687 | Zot:5    | Lost mutation: Your mind is acute. (Int +2) [an orb of fire]
 78690 | Zot:5    | Killed an orb of fire
 78699 | Zot:5    | Killed an ancient lich
 78701 | Zot:5    | Got the Orb of Zot
 79290 | D:1      | Noticed Mokaraly the pandemonium lord
 79294 | D:1      | Killed Mokaraly the pandemonium lord
 79314 | D:$      | Escaped with the Orb!

Skill      XL: |  1  2  3  4  5  6  7  8  9 10 11 12 13 14 15 16 17 18 19 20 21 22 23 24 25 26 27 |
---------------+----------------------------------------------------------------------------------+-----
Unarmed Combat | 1 2 3 4 5 6 7 9 10 11 12 14 15 16 18 19 20 22 27 | 27.0
Fighting       | 2 4 5 6 8 9 10 12 13 14 16 17 23 | 23.0
Stealth        | 5 8 16 | 16.1
Invocations    | 2 3 4 5 6 8 9 10 | 10.0
Hexes          | 1 4 7 |  7.3
Evocations     | 2 3 6 8 25 | 25.1
Dodging        | 4 6 7 10 11 13 15 23 | 23.2
Charms         | 2 3 10 | 10.0
Spellcasting   | 5 6 7 8 10 11 12 13 15 27 | 27.0
Translocations | 2 4 7 |  7.0
Earth Magic    | 2 6 10 12 13 | 13.2
Transmutations | 4 10 12 13 15 | 15.6
Staves         | 2 |  2.7
Summonings     | 2 |  2.3
Shields        | 4 |  4.6
Necromancy     | 5 6 22 | 22.5
Air Magic      | 4 9 10 27 | 27.0
Conjurations   | 7 27 | 27.0
Fire Magic     | 27 | 27.0
Ice Magic      | 21 | 21.7

Action                   |  1- 3 |  4- 6 |  7- 9 | 10-12 | 13-15 | 16-18 | 19-21 | 22-24 | 25-27 || total
-------------------------+-------+-------+-------+-------+-------+-------+-------+-------+-------++-------
Melee: Unarmed           |    41 |    85 |   298 |   530 |   615 |   884 |   891 |   931 |  3658 ||  7933
       Tentacles         |     4 |    16 |    64 |   100 |   117 |   184 |   193 |   225 |   774 ||  1677
       Constrict         |     7 |    19 |    62 |    89 |    99 |   127 |   142 |   134 |   484 ||  1163
       Punch             |     1 |     2 |    14 |    64 |    61 |   119 |   139 |   159 |   696 ||  1255
       Staff             |       |       |       |       |       |       |       |       |    43 ||    43
       Bite              |       |       |       |       |       |       |       |       |    79 ||    79
       Tailslap          |       |       |       |       |       |       |       |       |   113 ||   113
 Fire: Arbalest          |       |       |       |     5 |       |       |       |       |       ||     5
Throw: Stone             |       |       |     1 |       |     2 |       |     1 |       |       ||     4
 Cast: Pain              |    33 |    49 |    17 |     7 |     5 |       |       |       |       ||   111
       Animate Skeleton  |     1 |    11 |    30 |    63 |    67 |    56 |    96 |    47 |    57 ||   428
       Regeneration      |       |       |    13 |    30 |    39 |    21 |    26 |    41 |   133 ||   303
       Vampiric Draining |       |       |     4 |       |       |       |       |       |       ||     4
       Confusing Touch   |       |       |    18 |    41 |       |       |       |       |       ||    59
       Sticks to Snakes  |       |       |       |     7 |       |       |       |       |     2 ||     9
       Shroud of Golubri |       |       |       |     8 |    19 |       |       |       |       ||    27
       Blink             |       |       |       |     8 |     5 |     2 |       |       |     7 ||    22
       Petrify           |       |       |       |     7 |    42 |    59 |    34 |     9 |    18 ||   169
       Blade Hands       |       |       |       |     5 |    78 |       |       |       |       ||    83
       Apportation       |       |       |       |       |    11 |     4 |     4 |     6 |    87 ||   112
       Statue Form       |       |       |       |       |     3 |    73 |    83 |    58 |   262 ||   479
       Animate Dead      |       |       |       |       |       |    10 |    21 |    12 |     6 ||    49
       Song of Slaying   |       |       |       |       |       |       |    19 |       |     2 ||    21
       Lee's Rapid Decon |       |       |       |       |       |       |    34 |     2 |       ||    36
       Lesser Beckoning  |       |       |       |       |       |       |    25 |    52 |   104 ||   181
       Silence           |       |       |       |       |       |       |       |     1 |    14 ||    15
       Deflect Missiles  |       |       |       |       |       |       |       |     1 |    17 ||    18
       Dragon Form       |       |       |       |       |       |       |       |       |    29 ||    29
       Ignition          |       |       |       |       |       |       |       |       |   149 ||   149
       Tornado           |       |       |       |       |       |       |       |       |   138 ||   138
       Fire Storm        |       |       |       |       |       |       |       |       |    80 ||    80
       Chain Lightning   |       |       |       |       |       |       |       |       |    41 ||    41
       Glaciate          |       |       |       |       |       |       |       |       |    41 ||    41
       Irradiate         |       |       |       |       |       |       |       |       |    30 ||    30
       Airstrike         |       |       |       |       |       |       |       |       |    25 ||    25
       Darkness          |       |       |       |       |       |       |       |       |    19 ||    19
       Summon Butterflie |       |       |       |       |       |       |       |       |    15 ||    15
       Necromutation     |       |       |       |       |       |       |       |       |     2 ||     2
Invok: Heroism           |       |       |    27 |    60 |    37 |    42 |    45 |    28 |    84 ||   323
       Finesse           |       |       |       |       |     5 |    17 |     8 |    12 |    25 ||    67
 Abil: End Transformatio |       |       |       |     1 |    39 |     2 |     4 |       |     8 ||    54
       Evoke Flight      |       |       |       |     1 |     2 |    10 |       |       |    14 ||    27
       Evoke Invisibilit |       |       |       |       |       |       |       |       |     9 ||     9
Evoke: Wand              |       |     2 |    11 |    15 |    13 |     2 |     2 |     2 |     3 ||    50
       Staff of energy   |       |       |       |       |       |       |       |       |   396 ||   396
       Staff of Wucad Mu |       |       |       |       |       |       |       |       |   108 ||   108
       Figurine of a zig |       |       |       |       |       |       |       |       |     1 ||     1
  Use: Scroll            |     1 |     5 |    10 |    15 |     8 |    17 |     8 |     8 |   109 ||   181
       Potion            |       |     1 |       |     7 |     5 |     2 |       |     2 |    55 ||    72
 Stab: Sleeping          |     6 |     8 |    13 |    24 |    32 |    11 |    22 |     9 |    75 ||   200
       Paralysed         |       |     9 |    20 |     9 |     3 |       |       |       |       ||    41
       Confused          |       |       |    11 |    22 |       |       |       |       |       ||    33
       Distracted        |       |       |       |     6 |     2 |    10 |     4 |     6 |    32 ||    60
       Petrified         |       |       |       |    16 |    63 |    61 |    43 |     7 |    16 ||   206
       Petrifying        |       |       |       |     1 |     2 |     6 |     2 |     3 |     2 ||    16
       Invisible         |       |       |       |       |       |       |       |       |     8 ||     8
  Eat: Chunk             |     4 |     5 |    14 |    21 |    41 |    38 |    37 |    26 |    89 ||   275
       Royal jelly       |       |     1 |     2 |     2 |     1 |     5 |       |     2 |    19 ||    32
       Fruit             |       |       |       |     3 |       |     8 |       |     1 |    12 ||    24
       Meat ration       |       |       |       |     1 |     2 |     2 |     3 |     2 |    11 ||    21
       Bread ration      |       |       |       |       |       |       |     3 |       |     5 ||     8
Armor: Skin              |     2 |     4 |    12 |     8 |    31 |   458 |   199 |   282 |  1279 ||  2275
Dodge: Dodged            |    19 |    36 |   140 |   362 |   441 |  1405 |   858 |   989 |  5460 ||  9710
       Deflected         |       |       |       |       |       |       |       |     5 |   194 ||   199
Block: Buckler           |       |       |       |       |       |       |   247 |   415 |  1909 ||  2571
       Reflection        |       |       |       |       |       |       |    35 |     9 |    38 ||    82
